 Dungeon Crawl Stone Soup version 0.22.1-5-g62c59d9 (webtiles) character file.

1826250 Kairos the Vine Barricade (level 27, -25/174 HPs)
             Began as a Vine Stalker Fighter on Jan 9, 2019.
             Was the Champion of Zin.
             Killed from afar by a hellion (36 damage)
             ... with damnation
             ... on level 11 of a ziggurat on Jan 13, 2019.
             The game lasted 10:12:03 (128240 turns).

Kairos the Vine Barricade (Vine Stalker Fighter)  Turns: 128240, Time: 10:12:03

Health: -25/174    AC: 33    Str: 46    XL:     27
Magic:  0/60       EV: 44    Int: 19    God:    Zin [******]
Gold:   6562       SH: 39    Dex: 31    Spells: 1/80 levels left

rFire    + + .     SeeInvis +   R - +9 sacred scourge (holy)
rCold    + + .     Gourm    .   E - +7 large shield of the Good {rPois MR+ Str+2}
rNeg     + + +     Faith    .   V - +10 pearl dragon scales
rPois    ∞         Spirit   +   I - -2 hat of the Alchemist {rElec rPois rF+ rC+ rN+ MR+ rMut rCorr}
rElec    +         Reflect  .   Z - scarf {rC+ rF+}
rCorr    +         Harm     .   U - +2 pair of gloves {Str+3}
rMut     +                      a - +2 pair of boots {run}
MR       +++++                  w - amulet "Byewum" {Regen+ Dex+4 Slay+2}
Stlth    +++++++++.             t - ring of Phasing {EV+8}
HPRegen  1.59/turn              G - ring "Pyatyav" {rN+ Str+4 Dex+4 SInv}
MPRegen  0.37/turn

@: vitalised, darkness, sap magic, aura of abjuration, very slightly
contaminated, studying Air Magic, quick
A: fangs 3, blurry vision 1, clumsy 1, high mp 1, regeneration 2, magic shield,
antimagic bite, no potion heal 3, rot immunity
}: 15/15 runes: decaying, serpentine, slimy, silver, golden, iron, obsidian,
icy, bone, abyssal, demonic, glowing, magical, fiery, dark
a: Recite, Vitalisation, Imprison, Sanctuary, Donate Gold, Renounce Religion


You were on level 11 of a ziggurat.
You worshipped Zin.
Zin was exalted by your worship.
You were not hungry.

You visited 17 branches of the dungeon, and saw 85 of its levels.
You visited Pandemonium 2 times, and saw 50 of its levels.
You visited the Abyss 6 times.
You visited 1 bazaar.
You visited 3 ziggurats (completing 2), and saw 65 of their levels.
You also visited: Labyrinth, Ice Cave and Wizlab.

You collected 20221 gold pieces.
You spent 4782 gold pieces at shops.
You donated 8877 gold pieces to Zin.

Inventory:

Hand Weapons
 s - the +10 broad axe of Hakiv {elec, rN+ Int+2}
   (You found it on level 11 of a ziggurat)

   Occasionally, upon striking a foe, it will discharge some electrical energy
   and cause terrible harm.
   It affects your intelligence (+2).
   It protects you from negative energy.
 B - a +9 broad axe of holy wrath
 R - a +9 sacred scourge of holy wrath (weapon)
 Y - a +9 broad axe of flaming
Missiles
 p - 14 silver javelins (quivered)
Armour
 a - a +2 pair of boots of running (worn)
 E - the +7 large shield of the Good (worn) {rPois MR+ Str+2}
   (You took it off Louise on level 1 of the Elven Halls)

   It affects your strength (+2).
   It protects you from poison.
   It affects your resistance to hostile enchantments.
 I - the -2 hat of the Alchemist (worn) {rElec rPois rF+ rC+ rN+ MR+ rMut rCorr}
   (You found it on level 2 of the Vaults)

   It protects you from fire.
   It protects you from cold.
   It insulates you from electricity.
   It protects you from poison.
   It protects you from negative energy.
   It affects your resistance to hostile enchantments.
   It provides partial protection from all sources of acid and corrosion.
   It protects you from mutation.
 U - a +2 pair of gloves of strength (worn)
 V - +10 pearl dragon scales (worn)
 Z - a scarf of resistance (worn)
Jewellery
 j - an uncursed ring of flight
 t - the ring of Phasing (left hand) {EV+8}
   (You found it on level 15 of a ziggurat)

   [ring of evasion]

   It affects your evasion (+8).
 w - the amulet "Byewum" (around neck) {Regen+ Dex+4 Slay+2}
   (You found it on level 12 of a ziggurat)

   [amulet of regeneration]

   It affects your dexterity (+4).
   It affects your accuracy and damage with ranged weapons and melee attacks
   (+2).
   It increases your rate of regeneration.
 G - the ring "Pyatyav" (right hand) {rN+ Str+4 Dex+4 SInv}
   (You found it on level 3 of the Crypt)

   [ring of positive energy]

   It affects your strength (+4).
   It affects your dexterity (+4).
   It protects you from negative energy.
   It lets you see invisible.
 H - the ring of Sysayr {+Blink rPois MR+ Str+2 Slay+2}
   (You found it on level 14 of a ziggurat)

   [ring of poison resistance]

   It affects your strength (+2).
   It affects your accuracy and damage with ranged weapons and melee attacks
   (+2).
   It protects you from poison.
   It affects your resistance to hostile enchantments.
   It lets you blink.
 P - the brooch of Shielding {Reflect SH+8}
   (You found it on level 10 of a ziggurat)

   [amulet of reflection]

   It shields you and reflects attacks.
   It affects your SH (+8).
Wands
 g - a wand of digging (105)
 m - a wand of disintegration (25)
 o - a wand of scattershot (5)
 D - a wand of acid (43)
Scrolls
 c - 23 scrolls of blinking
 e - 10 scrolls of amnesia
 i - 74 scrolls of remove curse
 k - 70 scrolls of teleportation
 q - 13 scrolls of magic mapping
 u - 10 scrolls of holy word
 y - 13 scrolls of immolation
 C - 39 scrolls of fog
 J - 23 scrolls of fear
 N - 8 scrolls of summoning
 O - 3 scrolls of identify
 S - 11 scrolls of silence
Potions
 b - 9 potions of agility
 d - 8 potions of might
 h - 59 potions of curing
 n - 22 potions of flight
 r - 10 potions of cancellation
 v - 14 potions of brilliance
 x - 5 potions of magic
 z - 6 potions of resistance
 K - 11 potions of haste
 L - 3 potions of invisibility
 M - 4 potions of berserk rage
 Q - 22 potions of mutation
 T - 8 potions of ambrosia
Books
 A - a manual of Air Magic
Comestibles
 f - 93 rations


   Skills:
 O Level 27 Fighting
 - Level 17.8(18.4) Axes
 - Level 8.8(14.3) Maces & Flails
 * Level 18.0 Throwing
 - Level 17.9 Armour
 - Level 24.5 Dodging
 O Level 27 Stealth
 O Level 27 Shields
 + Level 8.5 Unarmed Combat
 O Level 27 Spellcasting
   Level 1.7 Conjurations
 O Level 27 Hexes
 O Level 27 Charms
 + Level 21.9 Summonings
 O Level 27 Translocations
 + Level 23.3 Ice Magic
 + Level 10.4 Air Magic
 O Level 27 Invocations
 + Level 12.0 Evocations


You had one spell level left.
You knew the following spells:

 Your Spells              Type           Power        Failure   Level  Hunger
a - Blink                 Tloc           N/A          0%          2    None
b - Controlled Blink      Tloc           N/A          1%          8    ######.
c - Apportation           Tloc           ######       0%          1    None
d - Dispersal             Tloc           #######...   0%          6    ##.....
e - Shroud of Golubria    Chrm/Tloc      #######...   0%          2    None
f - Passage of Golubria   Tloc           N/A          0%          4    None
g - Summon Forest         Summ/Tloc      #######...   0%          5    None
h - Aura of Abjuration    Summ           #######...   0%          5    None
i - Darkness              Hex            #######...   0%          6    ##.....
j - Disjunction           Tloc           #######...   1%          8    ######.
k - Metabolic Englaciati  Hex/Ice        #######...   0%          5    None
l - Summon Hydra          Summ           #######...   1%          7    ####...
m - Discord               Hex            #######...   1%          8    ######.
n - Invisibility          Hex            #######.     0%          6    ##.....
o - Deflect Missiles      Chrm/Air       #######...   1%          6    ##.....

Your spell library contained the following spells:

 Spells                   Type           Power        Failure   Level  Hunger
 Confusing Touch          Hex            ######       0%          1    None
 Corona                   Hex            #######      0%          1    None
 Freeze                   Ice            ####         0%          1    None
 Infusion                 Chrm           ####         0%          1    None
 Summon Butterflies       Summ           #######.     0%          1    None
 Summon Small Mammal      Summ           ####         0%          1    None
 Animate Skeleton         Necr           N/A          1%          1    None
 Beastly Appendage        Tmut           ####..       1%          1    None
 Flame Tongue             Conj/Fire      ####.        1%          1    None
 Magic Dart               Conj           ####         1%          1    None
 Pain                     Necr           ####         1%          1    None
 Sandblast                Erth           ####..       1%          1    None
 Shock                    Conj/Air       ####         1%          1    None
 Sting                    Conj/Pois      ####         1%          1    None
 Call Imp                 Summ           #######.     0%          2    None
 Ensorcelled Hibernation  Hex/Ice        ######       0%          2    None
 Slow                     Hex            #######.     0%          2    None
 Song of Slaying          Chrm           #######.     0%          2    None
 Swiftness                Chrm/Air       #######.     0%          2    None
 Throw Frost              Conj/Ice       ######       0%          2    None
 Call Canine Familiar     Summ           #######.     0%          3    None
 Confuse                  Hex            #######.     0%          3    None
 Dazzling Spray           Conj/Hex       ######       0%          3    None
 Gell's Gravitas          Tloc           #######...   0%          3    None
 Lesser Beckoning         Tloc           #######...   0%          3    None
 Ozocubu's Armour         Chrm/Ice       #######.     0%          3    None
 Portal Projectile        Hex/Tloc       ######       0%          3    None
 Recall                   Summ/Tloc      N/A          0%          3    None
 Spectral Weapon          Hex/Chrm       #######.     0%          3    None
 Summon Guardian Golem    Hex/Summ       #######.     0%          3    None
 Teleport Other           Tloc           #######.     0%          3    None
 Tukima's Dance           Hex            #######.     0%          3    None
 Cause Fear               Hex            #######...   0%          4    None
 Summon Ice Beast         Ice/Summ       #######.     0%          4    None
 Summon Demon             Summ           #######...   0%          5    None
 Summon Mana Viper        Hex/Summ       #######.     0%          5    None
 Poisonous Vapours        Pois/Air       #####.       1%          2    None
 Searing Ray              Conj           ####..       1%          2    None
 Throw Flame              Conj/Fire      ####..       1%          2    None
 Inner Flame              Hex/Fire       ######..     1%          3    None
 Mephitic Cloud           Conj/Pois/Air  #####...     1%          3    None
 Regeneration             Chrm/Necr      ######....   1%          3    None
 Static Discharge         Conj/Air       #####...     1%          3    None
 Airstrike                Air            ######....   1%          4    None
 Force Lance              Conj/Tloc      ######..     1%          4    None
 Fulminant Prism          Conj/Hex       ######....   1%          4    None
 Ice Form                 Ice/Tmut       ######..     1%          4    None
 Leda's Liquefaction      Hex/Erth       ######....   1%          4    None
 Summon Lightning Spire   Summ/Air       ######..     1%          4    None
 Throw Icicle             Conj/Ice       ######..     1%          4    None
 Excruciating Wounds      Chrm/Necr      ######....   1%          5    None
 Iskenderun's Battlesphe  Conj/Chrm      ######..     1%          5    None
 Silence                  Hex/Air        #######...   1%          5    None
 Yara's Violent Unravell  Hex/Tmut       ######....   1%          5    None
 Bolt of Cold             Conj/Ice       ######....   1%          6    ##.....
 Ozocubu's Refrigeration  Ice            #######...   1%          6    ##.....
 Shadow Creatures         Summ           N/A          1%          6    ##.....
 Corpse Rot               Necr           N/A          2%          2    None
 Passwall                 Tmut/Erth      ####....     2%          2    None
 Sticks to Snakes         Tmut           ####....     2%          2    None
 Sublimation of Blood     Necr           ####......   2%          2    None
 Freezing Cloud           Conj/Ice/Air   ######....   2%          6    ##.....
 Simulacrum               Ice/Necr       ######....   2%          6    ##.....
 Conjure Flame            Conj/Fire      ####....     4%          3    None
 Stone Arrow              Conj/Erth      ####..       4%          3    None
 Lightning Bolt           Conj/Air       #####.....   4%          5    None
 Ignite Poison            Fire/Tmut/Pois ####....     5%          3    None
 Spider Form              Tmut/Pois      ####......   5%          3    None
 Vampiric Draining        Necr           ####......   5%          3    None
 Ring of Flames           Chrm/Fire      ######....   6%          7    ####...
 Iskenderun's Mystic Bla  Conj           ####....     10%         4    None
 Spellforged Servitor     Conj/Summ      ######....   12%         7    ####...
 Sticky Flame             Conj/Fire      ####....     13%         4    None
 Animate Dead             Necr           N/A          19%         4    None
 Olgreb's Toxic Radiance  Pois           ####....     19%         4    None
 Petrify                  Tmut/Erth      ####....     19%         4    None
 Haunt                    Necr/Summ      ######....   19%         7    ####...
 Conjure Ball Lightning   Conj/Air       #####.....   24%         6    ##.....
 Dragon's Call            Summ           #######...   24%         9    #######
 Bolt of Draining         Conj/Necr      ####......   36%         5    None
 Fireball                 Conj/Fire      ####......   36%         5    None
 Irradiate                Conj/Tmut      ####......   36%         5    None
 Venom Bolt               Conj/Pois      ####......   36%         5    None
 Bolt of Magma            Conj/Fire/Erth ####......   38%         5    None
 Death's Door             Chrm/Necr      ######....   43%         8    ######.
 Agony                    Necr           ####....     45%         5    None
 Alistair's Intoxication  Tmut/Pois      ####....     45%         5    None
 Blade Hands              Tmut           ####......   45%         5    None
 Borgnjor's Vile Clutch   Necr/Erth      ####......   45%         5    None
 Dispel Undead            Necr           ####....     45%         5    None
 Lee's Rapid Deconstruct  Erth           ####......   45%         5    None
 Bolt of Fire             Conj/Fire      ####......   90%         6    ##.....
 Iron Shot                Conj/Erth      ####......   90%         6    ##.....
 Poison Arrow             Conj/Pois      ####......   90%         6    ##.....
 Death Channel            Necr           ####......   96%         6    ##.....
 Hydra Form               Tmut           ####......   96%         6    ##.....
 Statue Form              Tmut/Erth      ####.....    96%         6    ##.....
 Dragon Form              Tmut           ####......   100%        7    ####...
 Orb of Destruction       Conj           ####......   100%        7    ####...
 Borgnjor's Revivificati  Necr           ####......   100%        8    ######.
 Chain Lightning          Conj/Air       #####.....   100%        8    ######.
 Ignition                 Fire           ####......   100%        8    ######.
 Infestation              Necr           ####......   100%        8    ######.
 Lehudib's Crystal Spear  Conj/Erth      ####......   100%        8    ######.
 Necromutation            Tmut/Necr      ####......   100%        8    ######.
 Fire Storm               Conj/Fire      ####......   100%        9    #######
 Glaciate                 Conj/Ice       ######....   100%        9    #######
 Shatter                  Erth           ####......   100%        9    #######
 Tornado                  Air            ######....   100%        9    #######


Dungeon Overview and Level Annotations

Branches:
Dungeon (15/15)            Temple (1/1) D:5            Lair (6/6) D:9
  Swamp (4/4) Lair:4        Snake (4/4) Lair:3        Slime (5/5) Lair:5
    Orc (2/2) D:10            Elf (3/3) Orc:2        Vaults (5/5) D:14
  Crypt (3/3) Vaults:3       Tomb (3/3) Crypt:3      Depths (5/5) D:15
   Hell (1/1)                 Dis (7/7) Hell            Geh (7/7) Hell
    Coc (7/7) Hell            Tar (7/7) Hell            Zot (0/5) Depths:5

Altars:
Ashenzari
Cheibriados
Dithmenos
Elyvilon
Fedhas
Gozag
Hepliaklqana
Kikubaaqudgha
Makhleb
Nemelex Xobeh
Okawaru
Qazlal
Ru
Sif Muna
Trog
Uskayaw
Vehumet
Wu Jian
Xom
Yredelemnul
Zin
The Shining One
Beogh

Shops:
D:6 *   D:8 *   D:13 [((*[   Orc:2 ((([   Elf:2 !   Snake:3 [   Vaults:1 (

Portals:
Hell: Depths:1 Depths:2 Depths:3 Depths:4 Depths:5
Abyss: Depths:4
Pandemonium: Depths:1 Depths:2 Depths:3 Depths:5

Annotations:
Coc:7 exclusion: ice statue


Innate Abilities, Weirdness & Mutations

You have razor-sharp teeth.
You heal very quickly.
When hurt, damage is shared between your health and your magic reserves.
Your bite disrupts and absorbs the magic of your enemies.
Potions cannot restore your health.
You are immune to rotting.
Scrolls take you a little longer to read.
You are clumsy. (Dex -2)
You have an increased reservoir of magic. (+10% MP)


Message History

There is an empty arch of ancient stone, spattered with blood here.
Press: ? - help, Dir - move target cursor, f - Tzitzimitl
Aim: a Tzitzimitl (unusually resistant) Zin imprisons the Tzitzimitl with walls of pure silver!
You block the reaper's attack.
You eat one of the 94 rations.
That ration really hit the spot!
The shadow demon gestures.
Press: ? - help, Dir - move target cursor, f - hellion
Aim: a hellion You briefly glimpse something next to the hellion.
Casting: Controlled Blink (safe; 1% risk of failure)
Confirm with . or Enter, or press ? or * to list all spells.
Blink to where?
Press: ? - help, Dir - move target cursor, p - hellion The hellion gestures at you.
The sphere of damnation explodes!
The damnation engulfs you!
* * * LOW HITPOINT WARNING * * *
The hellion gestures at you.
The sphere of damnation explodes!
The damnation engulfs you!
You die...

▓▓ ▓▓▓▓▓▓.▓
▓▓.......
▓▓▓............
▓▓..............
▓.....@........
▓▓.....##.....##..
▓..)...#.......#..
▓.....2.2.........
▓▓..))...........2.
▓.)§###2...........
▓▓..#1#2.2.........
▓22###.2..........
▓..6331#.21....#2.


You could see a cacodemon and a hellion.

Vanquished Creatures
  Cerebov (Pan)
  Asmodeus (Geh:7)
  the Royal Jelly (Slime:5)
  Antaeus (Coc:7)
  Gloorx Vloq (Pan)
  Ereshkigal (Tar:7)
  54 pandemonium lords
  Mnoleg (Pan)
  the Serpent of Hell (Tar:7)
  A seraph (Pan)
  Lom Lobon (Pan)
  7 ancient liches
  Dispater (Dis:7)
  Mennas (Pan)
  7 juggernauts
  41 greater mummies
  Sojobo (Depths:1)
  Saint Roka (Elf:3)
  Margery (Depths:2)
  8 shard shrikes
  Xtahua (Vaults:4)
  18 Killer Klowns
  7 caustic shrikes
  Vashnia (Snake:3)
  9 profane servitors
  15 golden dragons
  Geryon (Hell)
  Nikola (Swamp:1)
  47 bone dragons
  2 pearl dragons (Pan)
  40 Tzitzimimeh
  6 electric golems
  4 doom hounds
  30 Brimstone Fiends
  An iron giant (shapeshifter) (Zig:24)
  Rupert (D:12)
  15 iron giants
  10 hellephants
  28 tentacled monstrosities
  22 Hell Sentinels
  42 Ice Fiends
  A shard shrike skeleton (Crypt:2)
  23 liches
  10 deep elf blademasters
  37 titans
  3 quicksilver dragons (shapeshifter)
  8 deep elf master archers
  14 quicksilver dragons
  The ghost of emiel the Impaler, an adept FoFi of the Shining One (Elf:3)
  Murray (Hell)
  52 Executioners
  73 acid blobs
  Frances (Swamp:2)
  5 sphinxes (shapeshifter)
  154 tentacled starspawn
  3 eldritch tentacles
  16 ancient champions
  14 sphinxes
  14 tengu reavers
  A shadow dragon (shapeshifter) (Zig:14)
  A storm dragon (shapeshifter) (Zig:14)
  24 draconian monks
  3 thorn hunters
  13 storm dragons
  19 revenants
  27 shadow dragons
  4 azure jellies (shapeshifter)
  21 draconian knights
  32 azure jellies
  54 nagarajas
  45 fire giants
  25 daevas
  11 vault wardens
  27 blood saints
  A fire giant (shapeshifter) (Zig:14)
  43 frost giants
  10 deep elf sorcerers
  9 iron dragons
  An iron dragon (shapeshifter) (Zig:23)
  48 cacodemons
  A ghost moth (shapeshifter) (Zig:24)
  27 ghost moths
  11 emperor scorpions
  An emperor scorpion (shapeshifter) (Zig:24)
  Louise (Elf:1)
  23 warmongers
  15 orc warlords
  A caustic shrike zombie (Hell)
  13 draconian shifters
  22 corrupters
  9 curse skulls
  19 ghouls
  63 balrugs
  17 draconian scorchers
  22 draconian stormcallers
  2 spriggan defenders (Depths:2)
  59 stone giants
  9 deep elf elementalists
  The ghost of Baril the Geomancer, a journeyman GrEE of Vehumet (Swamp:2)
  22 war gargoyles
  26 angels
  10 ironheart preservers
  4 juggernaut zombies (Zig:20)
  15 ophanim
  17 draconian annihilators
  3 elemental wellsprings (Coc:7)
  58 reapers
  31 entropy weavers
  88 very ugly things
  11 black draconians
  3 juggernaut skeletons (Zig:20)
  2 stone giants (shapeshifter)
  Nessos (D:12)
  11 deep elf demonologists
  3 dire elephants (shapeshifter)
  A spectral titan (Zig:16)
  12 bennus
  24 black suns
  40 lorocyprocas
  16 vampire knights
  24 apis (Pan)
  11 yellow draconians
  6 deep elf annihilators
  19 green draconians
  13 spark wasps
  23 purple draconians
  A minotaur (Lab)
  11 red draconians
  6 white draconians
  7 dire elephants (Abyss:3)
  28 ettins
  21 death oozes
  12 deep elf death magi
  9 statues (WizLab)
  72 green deaths
  64 blizzard demons
  12 quicksilver dragon zombies
  5 crystal guardians (Elf:3)
  13 merfolk javelineers
  A merfolk impaler (Zig:4)
  14 fire dragons
  19 eidola
  29 mummy priests
  Josephine (D:11)
  3 kraken zombies
  26 yaktaur captains
  A quicksilver dragon skeleton (Abyss:2)
  12 monstrous demonspawn
  10 deep elf high priests
  46 great orbs of eyes
  41 rakshasas
  Harold (D:9)
  29 vault guards
  13 jiangshi
  5 ghost crabs
  29 ice dragons
  44 hydras
  Erolcha (D:11)
  An ice dragon (shapeshifter) (Abyss:5)
  44 naga warriors
  4 catoblepae
  17 centaur warriors
  18 hell beasts
  6 spriggan air magi
  13 ogre magi
  5 alligator snapping turtles
  2 hydras (shapeshifter)
  A merfolk avatar (Abyss:1)
  29 alligators
  A death yak (shapeshifter) (Zig:23)
  A queen ant (D:13)
  20 dancing weapons
  2 merfolk aquamancers (Zig:27)
  23 anacondas
  12 death knights
  15 death yaks
  67 death scarabs
  3 alligator snapping turtles (shapeshifter)
  7 satyrs
  43 hell hogs
  38 two-headed ogres
  2 two-headed ogres (shapeshifter) (Vaults:5)
  18 vampire magi
  A spectral storm dragon (Zig:16)
  14 orc high priests
  8 spriggan berserkers
  6 deep troll shamans
  20 tengu warriors
  30 naga sharpshooters
  90 sun demons
  13 deep troll earth magi
  197 thrashing horrors
  A spectral spriggan (Zig:16)
  12 titan zombies
  19 shock serpents
  17 iron golems
  Urug (Lair:6)
  5 storm dragon zombies
  132 wretched stars
  76 sixfirhies
  42 soul eaters
  27 deep elf knights
  5 titan skeletons
  2 spectral elves (Zig:16)
  42 hell knights
  54 spatial maelstroms
  98 skeletal warriors
  12 iron trolls
  An iron troll (shapeshifter) (Zig:24)
  8 salamander mystics
  31 shadow wraiths
  7 golden dragon zombies
  11 gelid demonspawn (Pan)
  4 fire crabs (shapeshifter)
  6 storm dragon skeletons
  16 cherubim
  37 deep trolls
  24 death drakes
  2 deep trolls (shapeshifter)
  3 unseen horrors (shapeshifter)
  A spark wasp zombie (Depths:1)
  45 shadow demons
  3 quicksilver dragon simulacra
  12 wizards
  17 infernal demonspawn
  22 unseen horrors
  A glowing orange brain (shapeshifter) (Vaults:5)
  42 glowing orange brains
  2 ghost moth zombies
  8 spriggan druids
  14 naga ritualists
  25 flayed ghosts
  A swamp dragon (shapeshifter) (Depths:2)
  10 shambling mangroves
  9 shadow dragon zombies
  433 starcursed masses
  Pikel (D:4)
  26 deep elf archers
  29 phantasmal warriors
  7 anaconda zombies
  31 swamp dragons
  2 mana vipers (shapeshifter)
  16 torturous demonspawn (Pan)
  2 lindwurms (shapeshifter)
  3 tengu zombies
  10 harpies
  11 orc knights
  7 anaconda skeletons
  2 golden dragon skeletons
  2 harpies (shapeshifter) (Zig:15)
  78 deep elf magi
  23 necromancers
  3 iron dragon zombies
  28 orb spiders
  2 orb spiders (shapeshifter)
  21 ironbrand convokers
  17 mana vipers
  26 shining eyes
  6 oklob plants
  A shining eye (shapeshifter) (Vaults:5)
  4 wolf spider zombies
  97 ugly things
  4 tengu skeletons
  8 stone giant zombies
  A moth of wrath (shapeshifter) (Zig:15)
  6 shadow dragon skeletons
  2 fauns (shapeshifter)
  35 worldbinders
  18 orc sorcerers
  2 sphinx zombies
  12 salamanders
  22 wolf spiders
  A manticore (shapeshifter) (Zig:15)
  4 fauns
  13 fire giant zombies
  17 cyclopes
  3 iron dragon skeletons
  6 manticores
  9 frost giant zombies
  18 moths of wrath
  24 elephants
  38 rust devils
  A black mamba (shapeshifter) (Vaults:3)
  8 stone giant skeletons
  2 guardian serpents (shapeshifter)
  28 guardian serpents
  9 human skeletons
  A shock serpent zombie (Crypt:2)
  3 dire elephant zombies
  75 black mambas
  4 frost giant skeletons
  53 apocalypse crabs
  22 eyes of devastation
  21 torpor snails
  3 molten gargoyles
  20 vault sentinels
  28 naga magi
  3 dire elephant skeletons
  3 storm dragon simulacra
  7 ice statues
  A shock serpent skeleton (Tar:7)
  6 fire giant skeletons
  A komodo dragon (shapeshifter) (Abyss:5)
  50 orange demons
  22 spiny frogs
  4 spiny frogs (shapeshifter)
  A white draconian zombie (Crypt:2)
  6 kobold demonologists
  185 smoke demons
  37 hellions
  5 gargoyles
  2 catoblepas zombies
  An iron troll zombie (Crypt:1)
  2 emperor scorpion zombies
  6 rime drakes
  59 yaktaurs
  4 komodo dragons
  49 freezing wraiths
  A yaktaur (shapeshifter) (Elf:1)
  43 demonic crawlers
  43 tormentors
  2 yaktaur zombies
  37 efreet
  46 ice devils
  51 hellwings
  A catoblepas skeleton (Crypt:2)
  59 guardian mummies
  5 silent spectres
  9 hydra zombies
  3 harpy zombies
  3 meliai (shapeshifter)
  69 red devils
  12 tengu conjurers
  3 polar bears (shapeshifter)
  An anaconda simulacrum (Abyss:1)
  7 merfolk
  109 ancient zymes
  29 jumping spiders
  15 tyrant leeches
  An iron troll skeleton (Crypt:1)
  12 trolls
  2 trolls (shapeshifter)
  26 hornets
  A queen bee (shapeshifter) (Zig:24)
  3 wind drakes
  3 deep troll zombies
  2 merfolk (shapeshifter)
  3 shadow dragon simulacra
  3 wind drakes (shapeshifter)
  4 yaktaur skeletons
  A hornet (shapeshifter) (Zig:15)
  A polar bear (Lair:6)
  A hippogriff (shapeshifter) (Abyss:5)
  3 fire dragon zombies
  222 raiju
  8 alligator zombies
  29 bog bodies
  A harpy skeleton (Geh:2)
  9 hippogriffs
  2 slime creatures (shapeshifter)
  154 slime creatures
  2 dream sheep (shapeshifter)
  5 hydra skeletons
  42 blink frogs
  5 dream sheep (Lair:6)
  8 ettin zombies
  4 frost giant simulacra
  A meliai zombie (D:15)
  2 stone giant simulacra
  An iron dragon simulacrum (Abyss:1)
  7 spriggan zombies
  11 ice dragon zombies
  Sigmund (D:6)
  21 redbacks
  5 ettin skeletons
  A fire dragon skeleton (Abyss:1)
  23 shadows
  6 air elementals
  3 elf zombies
  6 tarantellas (shapeshifter)
  6 spriggans
  3 black mamba zombies
  111 flying skulls
  A yak (shapeshifter) (Vaults:3)
  2 spriggan skeletons
  A dire elephant simulacrum (Coc:7)
  4 vampires
  2 spriggans (shapeshifter)
  167 ynoxinuls
  29 fire elementals
  71 yaks
  5 ice dragon skeletons
  43 wraiths
  2 redbacks (shapeshifter)
  A wyvern (Zig:16)
  2 hogs (shapeshifter)
  6 basilisks
  A fire bat (shapeshifter) (Zig:15)
  15 water elementals
  12 ushabtiu
  4 hogs (D:7)
  A human (shapeshifter) (Elf:1)
  19 tarantellas
  23 fire bats
  38 golden eyes
  2 elf skeletons
  12 hungry ghosts
  117 neqoxecs
  6 steam dragons
  A human (D:7)
  3 black mamba skeletons
  115 chaos spawn
  22 vampire mosquitoes
  203 small abominations
  2 swamp worms (shapeshifter)
  44 insubstantial wisps
  17 swamp worms
  A merfolk zombie (Abyss:3)
  26 soldier ants (D:13)
  13 wargs
  79 hell hounds
  409 large abominations
  98 spatial vortices
  86 nagas
  2 spiny frog zombies
  19 swamp drakes
  5 acid dragons
  9 water moccasins
  4 floating eyes
  62 orc warriors
  5 hydra simulacra
  2 deep troll skeletons (Crypt:1)
  4 porcupines
  A faun skeleton (Crypt:1)
  5 sky beasts
  3 snapping turtle zombies
  3 spiny frog skeletons
  A hornet zombie (D:15)
  18 ice beasts
  An elephant zombie (Crypt:2)
  A black bear (D:11)
  3 alligator simulacra
  8 ettin simulacra
  An ogre (shapeshifter) (Zig:24)
  7 phantoms
  A black bear (shapeshifter) (Abyss:5)
  2 slaves (D:4)
  An ice dragon simulacrum (Abyss:5)
  13 boggarts
  52 eyes of draining
  2 swamp dragon zombies
  A wolf (shapeshifter) (Zig:23)
  50 ogres
  33 necrophages
  19 centaurs
  5 snapping turtle skeletons
  10 crocodiles
  16 big kobolds
  A torpor snail zombie (Crypt:2)
  18 bullfrogs
  A wyvern zombie (D:13)
  3 spiny frog simulacra
  A bullfrog (shapeshifter) (Abyss:5)
  5 gnoll sergeants
  15 earth elementals
  A glowing shapeshifter simulacrum (Depths:1)
  5 scorpions
  10 wyvern skeletons
  A queen bee zombie (Crypt:1)
  2 human simulacra
  5 killer bees (D:10)
  2 elf simulacra
  A polar bear skeleton (Crypt:2)
  70 wights
  6 howler monkeys
  2 electric eels
  22 crimson imps
  9 hounds
  21 jellies
  19 quasits
  2 bullfrog skeletons
  3 centaur zombies
  15 orc priests
  A demonspawn zombie (Crypt:1)
  3 human zombies
  25 orc wizards
  7 centaur skeletons
  27 iron imps
  Jessica (D:3)
  Ijyb (D:4)
  3 iguanas
  Natasha (thrice) (D:2)
  A lightning spire (Zig:14)
  28 worker ants
  A killer bee zombie (D:6)
  An ogre zombie (Coc:7)
  An ogre skeleton (Abyss:3)
  4 naga skeletons
  A hound skeleton (D:7)
  67 mummies
  A howler monkey zombie (D:4)
  19 gnolls
  A howler monkey skeleton (D:7)
  15 adders
  A steam dragon zombie (Crypt:1)
  11 shadow imps
  3 steam dragon skeletons
  26 white imps
  20 ufetubi
  3 oozes
  2 adder zombies
  2 adder skeletons
  5 worms
  A dart slug (D:1)
  5 leopard geckos
  69 orcs
  3 ball pythons
  8 giant cockroaches
  A gnoll zombie (Crypt:2)
  7 goblins
  11 hobgoblins
  4 jackals
  11 bats
  A bat (shapeshifter) (Zig:24)
  3 frilled lizards
  A goblin zombie (Crypt:1)
  2 jackal skeletons
  16 kobolds
  2 leopard gecko skeletons
  An orc simulacrum (Abyss:2)
  An orc zombie (Dis:7)
  A quokka zombie (D:5)
  4 rats
  A river rat skeleton (Crypt:2)
  A spectral orc (D:9)
  A bush (Lair:6)
  2 crawling corpses (Elf:3)
  10 fungi
  11 lurking horrors
  13 pillars of salt
  11 plants
  184 starspawn tentacles
  4 tentacles
  5 withered plants (Crypt:3)
10525 creatures vanquished.

Vanquished Creatures (collateral kills)
  A juggernaut (Zig:22)
  A tentacled monstrosity (Zig:27)
  A deep elf master archer (Zig:20)
  A draconian monk (Zig:21)
  3 nagarajas (Zig:27)
  10 orc warlords
  5 draconian shifters (Zig:21)
  A draconian stormcaller (Zig:21)
  An ironheart preserver (Zig:15)
  8 stone giants
  2 purple draconians (Zig:21)
  6 merfolk javelineers
  An alligator snapping turtle (Zig:27)
  A yaktaur captain (Zig:20)
  A hydra (Zig:27)
  2 centaur warriors (Zig:20)
  A satyr (Zig:20)
  2 merfolk aquamancers (Zig:27)
  A two-headed ogre (Zig:22)
  5 naga sharpshooters (Zig:20)
  11 orc high priests
  2 iron trolls
  3 sea snakes (Zig:27)
  3 swamp dragons
  2 shining eyes (Zig:14)
  9 orc sorcerers
  6 orc knights
  5 fauns (Zig:20)
  A cyclops (Zig:22)
  An orb spider (Zig:27)
  2 guardian serpents (Zig:27)
  4 moths of wrath
  A merfolk siren (Zig:27)
  2 black mambas (Zig:27)
  A rime drake (Zig:16)
  A yaktaur (Zig:20)
  A demonic crawler (Zig:27)
  A komodo dragon (Zig:27)
  3 trolls
  A merfolk (Zig:27)
  A troll (shapeshifter) (Zig:15)
  2 wind drakes
  2 slime creatures (Zig:14)
  A steam dragon (Zig:16)
  An insubstantial wisp (Zig:9)
  4 wargs
  23 orc warriors
  6 ogres
  3 centaurs (Zig:20)
  7 orc priests
  6 orc wizards
170 creatures vanquished.

Vanquished Creatures (others)
  A tentacled monstrosity (Zig:27)
  A lich (Zig:17)
  A tentacled starspawn (Abyss:5)
  A pandemonium lord (Zig:23)
  2 eldritch tentacles
  A nagaraja (Zig:27)
  2 draconian knights (Zig:21)
  An emperor scorpion (Zig:27)
  2 draconian shifters (Zig:21)
  A ghost moth (Zig:25)
  A draconian scorcher (Zig:21)
  2 cacodemons
  3 orc warlords
  2 blood saints (Pan)
  A draconian stormcaller (Zig:21)
  2 draconian annihilators (Zig:10)
  A war gargoyle (Zig:15)
  5 stone giants
  2 green draconians (Zig:21)
  A bennu (Tomb:3)
  A black draconian (Zig:21)
  3 merfolk javelineers
  2 red draconians
  A yaktaur captain (Zig:20)
  2 hydras (Zig:27)
  A ghost crab (Zig:27)
  A centaur warrior (Zig:20)
  A naga warrior (Zig:27)
  An orc knight (Zig:22)
  6 death scarabs
  3 hell hogs
  2 orc high priests (Zig:17)
  A shock serpent (Zig:9)
  A wretched star (Abyss:3)
  A shadow wraith (Vaults:4)
  A spatial maelstrom (Abyss:5)
  2 skeletal warriors (Tomb:2)
  2 spiny frogs (Zig:27)
  A sea snake (Zig:27)
  A deep elf mage (Elf:3)
  3 fauns (Zig:20)
  2 orc sorcerers
  3 moths of wrath
  A worldbinder (Abyss:3)
  A guardian serpent (Zig:27)
  4 naga magi
  An orange demon (Zig:26)
  A rime drake (shapeshifter) (Abyss:2)
  A rime drake (Zig:19)
  A demonic crawler (Abyss:5)
  2 yaktaurs (Zig:20)
  2 red devils (Pan)
  4 ancient zymes
  A catoblepas skeleton (Geh:6)
  A troll (Zig:17)
  A hornet (Swamp:2)
  A blink frog (Abyss:3)
  Grinder (D:4)
  3 raiju
  A water elemental (Abyss:1)
  A ynoxinul (Abyss:5)
  2 tarantellas (Zig:27)
  2 redbacks (Zig:27)
  A redback (shapeshifter) (Abyss:2)
  2 large abominations
  4 golden eyes
  A golden eye (shapeshifter) (Abyss:3)
  2 neqoxecs
  3 chaos spawn
  A warg (Zig:13)
  A naga (Zig:24)
  A floating eye (shapeshifter) (Zig:9)
  10 orc warriors
  A slave (D:4)
  An eye of draining (Abyss:5)
  5 centaurs (Orc:2)
  A wight (Geh:2)
  9 small abominations
  2 orc priests
  An iron imp (Dis:4)
  2 mummies (Tomb:2)
  An ufetubus (Abyss:1)
  4 ball lightnings (Pan)
  6 orcs
  A kobold (D:10)
  A frilled lizard (D:4)
  2 briar patches (Swamp:4)
  9 bushes
  6 demonic plants
  4 fungi (Elf:3)
  10 lurking horrors
  72 pillars of salt
  14 plants
  5 snaplasher vines (Zig:14)
  231 starspawn tentacles
  6 tentacles
527 creatures vanquished.

Grand Total: 11222 creatures vanquished

Notes
Turn   | Place    | Note
-------+----------+-------------------------------------------
     0 | D:1      | Kairos the Vine Stalker Fighter began the quest for the
                  | Orb.
     0 | D:1      | Reached XP level 1. HP: 11/11 MP: 2/2
   119 | D:1      | Reached XP level 2. HP: 16/16 MP: 3/3
   878 | D:1      | Reached XP level 3. HP: 20/20 MP: 4/4
  1577 | D:2      | Gained mutation: Your natural rate of healing is unusually
                  | fast. [Vine Stalker growth]
  1577 | D:2      | Reached XP level 4. HP: 11/24 MP: 3/5
  1815 | D:2      | Reached skill level 1 in Dodging
  1899 | D:2      | Noticed Natasha
  1905 | D:2      | Killed Natasha
  1907 | D:2      | Reached XP level 5. HP: 23/28 MP: 6/6
  1969 | D:2      | Noticed Natasha
  1979 | D:2      | Killed Natasha
  2217 | D:3      | Reached skill level 1 in Stealth
  2217 | D:3      | Reached XP level 6. HP: 31/32 MP: 7/7
  2448 | D:2      | Noticed Natasha
  2451 | D:2      | Killed Natasha
  2706 | D:3      | Noticed Jessica
  2727 | D:3      | Killed Jessica
  2739 | D:3      | Reached XP level 7. HP: 29/36 MP: 8/8
  2990 | D:4      | Noticed Ijyb
  3003 | D:4      | Killed Ijyb
  3162 | D:4      | Noticed Pikel
  3218 | D:4      | Killed Pikel
  3218 | D:4      | Reached skill level 5 in Axes
  3218 | D:4      | Gained mutation: You have razor-sharp teeth. [Vine Stalker
                  | growth]
  3218 | D:4      | Reached XP level 8. HP: 28/42 MP: 4/9
  3375 | D:4      | Killed Grinder
  3829 | D:5      | Entered Level 5 of the Dungeon
  4068 | D:5      | Found a radiant altar of Vehumet.
  4068 | D:5      | Found an ancient bone altar of Kikubaaqudgha.
  4069 | D:5      | Found a deep blue altar of Sif Muna.
  4074 | D:5      | Identified Vehumet's Incunabulum of Conjuration
  4144 | D:5      | Found a staircase to the Ecumenical Temple.
  4276 | Temple   | Entered the Ecumenical Temple
  4329 | D:5      | Found a sacrificial altar of Ru.
  4566 | D:6      | Reached XP level 9. HP: 46/46 MP: 10/10
  4572 | D:6      | Found Bynicym's Assorted Antiques.
  4578 | D:6      | Reached skill level 5 in Armour
  4597 | D:6      | Bought a ruby ring for 95 gold pieces
  4597 | D:6      | Bought a glowing chain mail for 142 gold pieces
  4678 | D:6      | Noticed Sigmund
  4690 | D:6      | Killed Sigmund
  4690 | D:6      | Reached skill level 5 in Shields
  5225 | D:7      | Reached skill level 5 in Fighting
  5484 | D:7      | Found a stormy altar of Qazlal.
  5692 | D:7      | Reached XP level 10. HP: 48/51 MP: 11/11
  5980 | D:7      | Found a glowing golden altar of the Shining One.
  5980 | D:7      | Found an iron altar of Okawaru.
  5985 | D:7      | Found a faded altar of an unknown god.
  5987 | D:7      | Found a hazy altar of Hepliaklqana.
  5988 | D:7      | Found a faded altar of an unknown god.
  6125 | D:7      | Became a worshipper of Warmaster Okawaru
  6427 | D:8      | Noticed a two-headed ogre
  6434 | D:8      | Killed a two-headed ogre
  6434 | D:8      | Reached * piety under Okawaru
  6663 | D:8      | Found Ama Vyll's Assorted Antiques.
  6674 | D:8      | Bought an iron ring for 150 gold pieces
  6674 | D:8      | Bought 3 scrolls labeled WESO MAOXOGUF for 90 gold pieces
  6891 | D:9      | Found a staircase to the Lair.
  7021 | D:9      | Found a shadowy altar of Dithmenos.
  7080 | D:9      | Noticed Harold
  7091 | D:9      | Killed Harold
  7091 | D:9      | Reached ** piety under Okawaru
  7172 | D:9      | Noticed a red ugly thing
  7461 | D:9      | Found a basalt altar of Yredelemnul.
  7615 | D:9      | Noticed a two-headed ogre
  7627 | D:9      | Killed a two-headed ogre
  7627 | D:9      | Reached skill level 10 in Axes
  7627 | D:9      | Reached XP level 11. HP: 40/56 MP: 12/12
  7647 | D:9      | Got a vibrating lapis lazuli ring
  7649 | D:9      | Identified the ring "Haynn" {Wiz Int+5 Stlth+} (You found
                  | it on level 9 of the Dungeon)
  7766 | D:9      | Killed a red ugly thing
  7844 | D:9      | Noticed a centaur warrior
  7852 | D:9      | Killed a centaur warrior
  7882 | D:9      | Noticed a yaktaur captain
  7888 | D:9      | Noticed a seven-headed hydra
  7891 | D:9      | Killed a yaktaur captain
  7891 | D:9      | Reached *** piety under Okawaru
  7898 | D:9      | Got a shimmering war axe
  7899 | D:9      | Identified the +12 war axe "Egg" {speed, Str+2} (You found
                  | it on level 9 of the Dungeon)
  7902 | D:9      | Got a fine cloak
  7913 | D:9      | Identified the +1 cloak of Jaxinon {rElec rN+ Str+2 Dex+3}
                  | (You found it on level 9 of the Dungeon)
  7929 | D:9      | Noticed a two-headed ogre
  7936 | D:9      | Killed a two-headed ogre
  8042 | D:9      | Killed a seven-headed hydra
  8042 | D:9      | Reached skill level 1 in Invocations
  8128 | D:9      | Found a glowing silver altar of Zin.
  8187 | Lair:1   | Entered Level 1 of the Lair of Beasts
  8193 | Lair:1   | Reached **** piety under Okawaru
  8316 | Lair:1   | Found a labyrinth entrance.
  8337 | Lab      | Entered a labyrinth
  9017 | Lab      | Noticed a minotaur
  9023 | Lab      | Killed a minotaur
  9023 | Lab      | Reached skill level 1 in Maces & Flails
  9026 | Lab      | Got an uncursed crystal flail {drain}
  9027 | Lab      | Identified Sif Muna's Papyrus of the Bewitching Voyage
  9629 | Lair:2   | Noticed a four-headed hydra
  9637 | Lair:2   | Identified the +10 flail "Pefeaten" {drain, rElec rC+++
                  | Str-2 Int+2} (You took it off a minotaur in a labyrinth)
  9641 | Lair:2   | Killed a four-headed hydra
  9641 | Lair:2   | Reached ***** piety under Okawaru
  9641 | Lair:2   | Gained mutation: You heal very quickly. [Vine Stalker
                  | growth]
  9641 | Lair:2   | Reached XP level 12. HP: 56/62 MP: 14/14
  9680 | Lair:2   | Noticed a six-headed hydra
  9690 | Lair:2   | Killed a six-headed hydra
  9690 | Lair:2   | Received a gift from Okawaru
 10198 | Lair:2   | Received a gift from Okawaru
 10470 | Lair:3   | Noticed a death yak
 10473 | Lair:3   | Noticed a death yak
 10476 | Lair:3   | Noticed a death yak
 10498 | Lair:3   | Noticed a death yak
 10507 | Lair:3   | Killed a death yak
 10508 | Lair:3   | Killed a death yak
 10512 | Lair:3   | Killed a death yak
 10515 | Lair:3   | Killed a death yak
 10558 | Lair:3   | Reached XP level 13. HP: 68/68 MP: 15/15
 10588 | Lair:3   | Reached ****** piety under Okawaru
 10591 | Lair:3   | Received a gift from Okawaru
 10643 | Lair:3   | Found a staircase to the Snake Pit.
 10773 | Lair:3   | Found a radiant altar of Vehumet.
 11061 | Lair:3   | Got a jewelled ring mail
 11072 | Lair:3   | Identified the +5 ring mail of Imass {rCorr Int+2 Dex+3}
                  | (You found it on level 3 of the Lair of Beasts)
 11541 | Lair:4   | Received a gift from Okawaru
 11558 | Lair:4   | Identified a +2 pair of boots of running (Okawaru gifted it
                  | to you on level 4 of the Lair of Beasts)
 11969 | Lair:4   | Found a staircase to the Swamp.
 11998 | Lair:4   | Got a warped flail
 12093 | Lair:4   | Identified the +6 flail of Fynoum {flame, MR- Dex+4} (You
                  | found it on level 4 of the Lair of Beasts)
 12137 | Lair:5   | Found a shimmering altar of Xom.
 12293 | Lair:5   | Found a staircase to the Slime Pits.
 12870 | Lair:6   | Entered Level 6 of the Lair of Beasts
 12885 | Lair:6   | Reached skill level 10 in Shields
 12898 | Lair:6   | Reached XP level 14. HP: 74/74 MP: 16/16
 12978 | Lair:6   | Received a gift from Okawaru
 13024 | Lair:6   | Noticed Urug
 13032 | Lair:6   | Killed Urug
 13610 | Lair:6   | Received a gift from Okawaru
 13627 | Lair:6   | Reached skill level 15 in Axes
 14229 | Snake:1  | Entered Level 1 of the Snake Pit
 14229 | Snake:1  | Found a hazy altar of Hepliaklqana.
 14335 | Snake:1  | Reached skill level 10 in Fighting
 15360 | Snake:2  | Reached XP level 15. HP: 74/80 MP: 17/17
 15676 | Snake:2  | Received a gift from Okawaru
 16243 | Snake:3  | Noticed a nagaraja
 16257 | Snake:3  | Killed a nagaraja
 16486 | Snake:3  | Received a gift from Okawaru
 16560 | Snake:3  | Found Zieduhuz's Antique Armour Boutique.
 16575 | Snake:3  | Noticed Vashnia
 16590 | Snake:3  | Received a gift from Okawaru
 16613 | Snake:3  | Killed Vashnia
 16985 | Snake:4  | Entered Level 4 of the Snake Pit
 17042 | Snake:4  | Reached XP level 16. HP: 87/87 MP: 18/18
 17303 | Snake:4  | Noticed a nagaraja
 17311 | Snake:4  | Killed a nagaraja
 17519 | Snake:4  | Noticed a nagaraja
 17522 | Snake:4  | Noticed a nagaraja
 17522 | Snake:4  | Noticed a nagaraja
 17548 | Snake:4  | Noticed a nagaraja
 17551 | Snake:4  | Killed a nagaraja
 17554 | Snake:4  | Killed a nagaraja
 17557 | Snake:4  | Killed a nagaraja
 17701 | Snake:4  | Noticed a nagaraja
 17706 | Snake:4  | Received a gift from Okawaru
 17725 | Snake:4  | Noticed a nagaraja
 17728 | Snake:4  | Killed a nagaraja
 17909 | Snake:4  | Killed a nagaraja
 17942 | Snake:4  | Killed a nagaraja
 18011 | Snake:4  | Noticed a nagaraja
 18023 | Snake:4  | Killed a nagaraja
 18027 | Snake:4  | Identified the +2 pair of boots "Imuteq" {*Contam +Blink
                  | +Inv rC+ Regen+} (Okawaru gifted it to you on level 4 of
                  | the Snake Pit)
 18036 | Snake:4  | Reached skill level 1 in Throwing
 18036 | Snake:4  | Reached skill level 1 in Unarmed Combat
 18036 | Snake:4  | Reached skill level 1 in Spellcasting
 18036 | Snake:4  | Reached skill level 1 in Evocations
 18036 | Snake:4  | Reached XP level 17. HP: 93/93 MP: 20/20
 18110 | Snake:4  | Reached skill level 10 in Armour
 18169 | Snake:4  | Got a serpentine rune of Zot
 18883 | Swamp:1  | Entered Level 1 of the Swamp
 19134 | Swamp:1  | Noticed Nikola
 19144 | Swamp:1  | Killed Nikola
 19144 | Swamp:1  | Reached XP level 18. HP: 86/98 MP: 21/21
 19496 | Swamp:2  | Noticed Frances
 19518 | Swamp:2  | Killed Frances
 19518 | Swamp:2  | Received a gift from Okawaru
 19685 | Swamp:2  | Found a runed gate.
 19697 | Swamp:2  | Found a runed gate.
 19698 | Swamp:2  | Found a runed gate.
 19721 | Swamp:2  | Noticed Baril's ghost (journeyman GrEE)
 19767 | Swamp:2  | Killed Baril's ghost
 20051 | Swamp:2  | Found a blossoming altar of Fedhas.
 20282 | Swamp:3  | Received a gift from Okawaru
 20943 | Swamp:4  | Entered Level 4 of the Swamp
 21128 | Swamp:4  | Reached skill level 5 in Dodging
 21515 | Swamp:4  | Got a decaying rune of Zot
 21576 | Swamp:4  | Received a gift from Okawaru
 22336 | D:10     | Entered Level 10 of the Dungeon
 22607 | D:10     | Found a shimmering altar of Xom.
 22610 | D:10     | Found a shimmering altar of Xom.
 22610 | D:10     | Found a shimmering altar of Xom.
 22611 | D:10     | Found a shimmering altar of Xom.
 22611 | D:10     | Found a shimmering altar of Xom.
 22614 | D:10     | Found a shimmering altar of Xom.
 22614 | D:10     | Found a shimmering altar of Xom.
 23144 | D:10     | Found a staircase to the Orcish Mines.
 23212 | Orc:1    | Entered Level 1 of the Orcish Mines
 23453 | Orc:2    | Entered Level 2 of the Orcish Mines
 23456 | Orc:2    | Found a frozen archway.
 23484 | Orc:2    | Reached XP level 19. HP: 87/105 MP: 17/22
 23507 | IceCv    | Entered an ice cave
 23664 | IceCv    | Got jewelled ice dragon scales
 23677 | IceCv    | Identified the +2 ice dragon scales of Ru's Brutal Revenge
                  | {rF- rC++ Regen+ MP-9 Str+10 Int-4} (You found it in an ice
                  | cave)
 23752 | Orc:2    | Found a staircase to the Elven Halls.
 23894 | Orc:2    | Found a roughly hewn altar of Beogh.
 24137 | Orc:2    | Found Uxeuma's Weapon Emporium.
 24137 | Orc:2    | Found Bapomupt's Antique Weapon Boutique.
 24140 | Orc:2    | Found Hommem's Weapon Shop.
 24142 | Orc:2    | Found Ecsihaat's Antique Armour Shoppe.
 24177 | Orc:2    | Bought a runed scarf for 240 gold pieces
 24182 | Orc:2    | Bought a twisted broad axe for 216 gold pieces
 24186 | Orc:2    | Identified the cursed +0 broad axe of Fear {venom, rC+
                  | Str+4} (You bought it in a shop on level 2 of the Orcish
                  | Mines)
 24564 | Elf:1    | Entered Level 1 of the Elven Halls
 24748 | Elf:1    | Received a gift from Okawaru
 25024 | Elf:1    | Noticed Louise
 25035 | Elf:1    | Killed Louise
 25048 | Elf:1    | Identified the +7 large shield of the Good {rPois MR+
                  | Str+2} (You took it off Louise on level 1 of the Elven
                  | Halls)
 25329 | Elf:2    | Found Huwaton's Distillery.
 25363 | Elf:2    | Bought a potion of experience for 900 gold pieces
 25363 | Elf:2    | Reached skill level 5 in Maces & Flails
 25363 | Elf:2    | Reached XP level 20. HP: 111/111 MP: 23/23
 25429 | Elf:2    | Found a runed gate.
 25430 | Elf:2    | Found a runed gate.
 25568 | Elf:2    | Found a runed gate.
 25840 | Elf:2    | Reached skill level 15 in Shields
 25888 | Elf:2    | Received a gift from Okawaru
 25897 | Elf:2    | Identified the +1 ring mail "Vymiv" {+Fly Regen+ Int+4}
                  | (Okawaru gifted it to you on level 2 of the Elven Halls)
 26185 | Elf:3    | Entered Level 3 of the Elven Halls
 26268 | Elf:3    | Found a runed door.
 26271 | Elf:3    | Noticed emiel's ghost (adept FoFi)
 26468 | Elf:3    | Noticed Saint Roka
 26494 | Elf:3    | Killed Saint Roka
 26762 | Elf:3    | Identified the ring "Siceih" {Str+8 Dex+4} (You found it on
                  | level 3 of the Elven Halls)
 27018 | Elf:3    | Reached XP level 21. HP: 114/116 MP: 25/25
 27074 | Elf:3    | Received a gift from Okawaru
 27183 | Elf:3    | Identified the ring "Enopuj" {rN+ Int+3 Dex+3} (You took it
                  | off a deep elf archer on level 3 of the Elven Halls)
 27351 | Elf:3    | Found Ruxye's Gadget Shop.
 27374 | Elf:3    | Reached skill level 15 in Fighting
 27545 | Elf:3    | Gained mutation: You are frail. (-10% HP) [a neqoxec]
 27647 | Elf:3    | Identified the Tome of the Entourage and the Glacier
 27667 | Elf:3    | Identified the Grimoire of Twisted Hexes
 27698 | Elf:3    | Identified the ring "Vet Wyno" {Fire rN+ Dex+3 Slay+3} (You
                  | took it off a deep elf blademaster on level 3 of the Elven
                  | Halls)
 27742 | Elf:3    | Found the +6 shillelagh "Devastator" {shatter}
 28000 | Elf:3    | Killed emiel's ghost
 28668 | D:11     | Noticed Josephine
 28679 | D:11     | Killed Josephine
 28722 | D:11     | Noticed Erolcha
 28725 | D:11     | Killed Erolcha
 29377 | D:12     | Noticed Nessos
 29389 | D:12     | Killed Nessos
 29558 | D:12     | Received a gift from Okawaru
 29677 | D:12     | Noticed Rupert
 29684 | D:12     | Killed Rupert
 30116 | D:13     | Reached skill level 5 in Stealth
 30230 | D:13     | Found Mumpum's Antique Armour Boutique.
 30349 | D:13     | Found Waarocs's Weapon Shoppe.
 30365 | D:13     | Found Baumeb Cuse's Armour Boutique.
 30378 | D:13     | Found Vukimpof's Weapon Emporium.
 30488 | D:13     | Found Fufos's Assorted Antiques.
 30493 | D:13     | Bought a scroll of enchant weapon for 262 gold pieces
 31139 | D:14     | Found a gate to the Vaults.
 31593 | D:15     | Entered Level 15 of the Dungeon
 31646 | D:15     | Reached XP level 22. HP: 110/110 MP: 26/26
 32055 | D:15     | Found a staircase to the Depths.
 32344 | D:15     | Received a gift from Okawaru
 32390 | D:15     | Got a spiked helmet {god gift}
 32401 | D:15     | Identified the +0 helmet of Immorality {*Corrode rElec
                  | Str+5 Slay+3} (Okawaru gifted it to you on level 15 of the
                  | Dungeon)
 32492 | Vaults:1 | Entered Level 1 of the Vaults
 33648 | Vaults:1 | Found Eptitwaann's Antique Weapon Boutique.
 34589 | Vaults:2 | Found the +3 hat of Pondering {ponderous, MR+ MP+10 Int+5}
 34604 | Vaults:2 | Found a radiant altar of Vehumet.
 34606 | Vaults:2 | Found the +2 hat of the Bear Spirit {Spirit, +Rage rN+
                  | MR++}
 34626 | Vaults:2 | Found the -2 hat of the Alchemist {rElec rPois rF+ rC+ rN+
                  | MR+ rMut rCorr}
 34993 | Vaults:2 | Received a gift from Okawaru
 35531 | Vaults:3 | Found a magical portal.
 35545 | WizLab   | Entered Iskenderun's Mystic Tower
 35654 | WizLab   | Lost mutation: You are frail. (-10% HP) [potion of
                  | mutation]
 35654 | WizLab   | Gained mutation: You have an increased reservoir of magic.
                  | (+10% MP) [potion of mutation]
 35654 | WizLab   | Gained mutation: You are clumsy. (Dex -2) [potion of
                  | mutation]
 35654 | WizLab   | Gained mutation: Your spells are a little harder to cast,
                  | but a little more powerful. [potion of mutation]
 35654 | WizLab   | Gained mutation: Your muscles are strong. (Str +2) [potion
                  | of mutation]
 35905 | WizLab   | Reached XP level 23. HP: 121/130 MP: 30/30
 36171 | WizLab   | Identified Iskenderun's Disquisition on Battle Magic
 36171 | WizLab   | Identified Iskenderun's Handbook of Attacks
 36434 | Vaults:3 | Found a staircase to the Crypt.
 37020 | Vaults:3 | Identified a scroll of acquirement
 37744 | Vaults:4 | Received a gift from Okawaru
 37747 | Vaults:4 | Identified the +6 ring mail "Moshuin" {rN+++ Int-5 Dex+6}
                  | (Okawaru gifted it to you on level 4 of the Vaults)
 37948 | Vaults:4 | Noticed Xtahua
 37974 | Vaults:4 | Killed Xtahua
 38644 | Vaults:5 | Entered Level 5 of the Vaults
 38689 | Vaults:5 | Reached skill level 5 in Invocations
 38754 | Vaults:5 | Reached XP level 24. HP: 139/139 MP: 30/30
 38951 | Vaults:5 | Identified the amulet of Futedysh {rPois rC++ Regen+ Int-4}
                  | (You found it on level 5 of the Vaults)
 39002 | Vaults:5 | Received a gift from Okawaru
 39314 | Vaults:5 | Noticed an ancient lich
 39321 | Vaults:5 | Killed an ancient lich
 39321 | Vaults:5 | Received a gift from Okawaru
 39627 | Vaults:5 | Received a gift from Okawaru
 39638 | Vaults:5 | Got a silver rune of Zot
 39649 | Vaults:5 | Identified the amulet "Pishrif" {Gourm rC+ Dex+4 Stlth-}
                  | (You found it on level 5 of the Vaults)
 39977 | Vaults:5 | Reached XP level 25. HP: 145/145 MP: 30/30
 40178 | Vaults:5 | Identified the Grimoire of Poison and Augmentations
 40336 | Vaults:5 | Identified the +2 scale mail of Sloth {Str+4} (You found it
                  | on level 5 of the Vaults)
 40691 | D:13     | Bought a pair of runed gloves for 240 gold pieces
 40768 | D:13     | Bought a +2 pair of gloves of dexterity for 322 gold pieces
 40853 | Depths:1 | Entered Level 1 of the Depths
 40853 | Depths:1 | Found a sparkling altar of Nemelex Xobeh.
 40987 | Depths:1 | Found a gateway to a ziggurat.
 41092 | Depths:1 | Found a one-way gate leading to the halls of Pandemonium.
 41162 | Depths:1 | Found a gateway to Hell.
 41306 | Depths:1 | Noticed Sojobo
 41331 | Depths:1 | Killed Sojobo
 41726 | Depths:2 | Noticed Margery
 41750 | Depths:2 | Killed Margery
 41750 | Depths:2 | Received a gift from Okawaru
 41849 | Depths:2 | Found a flickering gateway to a bazaar.
 41899 | Bazaar   | Entered a bazaar
 41905 | Bazaar   | Found Watoff's Magic Scroll Shop.
 41905 | Bazaar   | Found Ehoader's Jewellery Boutique.
 41940 | Bazaar   | Bought a scroll of identify for 14 gold pieces
 41940 | Bazaar   | Bought a scroll of identify for 14 gold pieces
 41940 | Bazaar   | Bought a scroll of teleportation for 21 gold pieces
 41940 | Bazaar   | Bought a scroll of remove curse for 21 gold pieces
 41940 | Bazaar   | Bought a scroll of teleportation for 21 gold pieces
 41940 | Bazaar   | Bought a scroll of remove curse for 21 gold pieces
 41940 | Bazaar   | Bought a scroll of identify for 14 gold pieces
 41940 | Bazaar   | Bought a scroll of fog for 14 gold pieces
 41942 | Bazaar   | Bought an uncursed amulet of rage for 560 gold pieces
 41942 | Bazaar   | Bought an uncursed ring of fire for 350 gold pieces
 41942 | Bazaar   | Bought an uncursed ring of resist corrosion for 280 gold
                  | pieces
 42239 | Depths:2 | Received a gift from Okawaru
 43255 | Depths:3 | Received a gift from Okawaru
 43260 | Depths:3 | Reached XP level 26. HP: 153/153 MP: 30/30
 44121 | Depths:4 | Received a gift from Okawaru
 44217 | Depths:4 | Found a shattered altar of Ashenzari.
 44270 | Depths:4 | Found a burning altar of Makhleb.
 44271 | Depths:4 | Found a one-way gate to the infinite horrors of the Abyss.
 44474 | Depths:4 | Found a glowing silver altar of Zin.
 44580 | Depths:4 | Found a white marble altar of Elyvilon.
 44610 | Depths:4 | Reached skill level 10 in Stealth
 44666 | Depths:4 | Received a gift from Okawaru
 44894 | Depths:4 | Reached skill level 10 in Dodging
 44900 | Depths:4 | Reached XP level 27. HP: 159/159 MP: 30/30
 45327 | Depths:5 | Entered Level 5 of the Depths
 45442 | Depths:5 | Paralysed by a floating eye for 2 turns
 45449 | Depths:5 | Received a gift from Okawaru
 45622 | Depths:5 | Found an iron altar of Okawaru.
 46054 | Depths:5 | Found a gate to the Realm of Zot.
 46649 | Slime:1  | Entered Level 1 of the Pits of Slime
 46669 | Slime:1  | Received a gift from Okawaru
 46834 | Slime:5  | Entered Level 5 of the Pits of Slime
 46864 | Slime:5  | Reached skill level 1 in Translocations
 46875 | Slime:5  | Received a gift from Okawaru
 47324 | Slime:5  | Noticed the Royal Jelly
 47343 | Slime:5  | Killed the Royal Jelly
 47366 | Slime:5  | Found the amulet of the Air {Inacc +Fly rElec EV+5 RMsl}
 47386 | Slime:5  | Found the +4 skin of Zhor {rC+++}
 47409 | Slime:5  | Identified the Handbook of the Sea
 47461 | Slime:5  | Identified the +1 helmet "Ogau" {Str-5 Dex+5} (You found it
                  | on level 5 of the Pits of Slime)
 47507 | Slime:5  | Identified the Compendium of the Snowflakes
 47544 | Slime:5  | Got a slimy rune of Zot
 48496 | Crypt:1  | Entered Level 1 of the Crypt
 48872 | D:7      | Learned a level 2 spell: Blink
 48876 | D:7      | Fell from the grace of Okawaru
 48876 | D:7      | Became a worshipper of the Shining One
 49331 | Crypt:1  | Reached * piety under the Shining One
 49405 | Crypt:1  | Reached skill level 5 in Translocations
 49436 | Crypt:1  | Reached ** piety under the Shining One
 49535 | Crypt:1  | Reached *** piety under the Shining One
 49770 | Crypt:1  | Reached **** piety under the Shining One
 49958 | Crypt:1  | Reached skill level 5 in Spellcasting
 50240 | Crypt:2  | Reached ***** piety under the Shining One
 50371 | Crypt:2  | Reached ****** piety under the Shining One
 51563 | Crypt:3  | Entered Level 3 of the Crypt
 52105 | Orc:2    | Bought a +7 broad axe of freezing for 795 gold pieces
 52108 | Orc:2    | Identified a +9 broad axe of holy wrath (a +7 broad axe of
                  | freezing blessed by the Shining One)
 52108 | Orc:2    | Received a gift from the Shining One
 53028 | Crypt:3  | Found a staircase to the Tomb.
 53272 | Crypt:3  | Found a basalt altar of Yredelemnul.
 53415 | Crypt:3  | Identified Durraom's Incunabulum of Supportive Battle Magic
 53418 | Crypt:3  | Identified Anewelun's Incunabulum of Darkness
 53725 | Crypt:3  | Identified the Guide on Glacial Black Rites
 53751 | Crypt:3  | Got a faintly glowing platinum ring
 53754 | Crypt:3  | Identified the ring "Pyatyav" {rN+ Str+4 Dex+4 SInv} (You
                  | found it on level 3 of the Crypt)
 53757 | Crypt:3  | Identified the ring of Paetinn {+Fly rPois rN+ Str-5
                  | Stlth+} (You found it on level 3 of the Crypt)
 53760 | Crypt:3  | Identified the ring of Sin {rN+ Int+2 Dex+4} (You found it
                  | on level 3 of the Crypt)
 54533 | D:9      | Fell from the grace of the Shining One
 54533 | D:9      | Became a worshipper of Zin the Law-Giver
 54533 | D:9      | Reached * piety under Zin
 54533 | D:9      | Reached ** piety under Zin
 54533 | D:9      | Reached *** piety under Zin
 54533 | D:9      | Reached **** piety under Zin
 54533 | D:9      | Reached ***** piety under Zin
 54814 | Hell     | Entered the Vestibule of Hell
 54814 | Hell     | Noticed Geryon
 54828 | Hell     | Killed Geryon
 54972 | Hell     | Found a gateway to the ashen valley of Gehenna.
 55061 | Hell     | Reached skill level 10 in Translocations
 55078 | Hell     | Found a gateway to the decaying netherworld of Tartarus.
 55101 | Hell     | Noticed Murray
 55130 | Hell     | Killed Murray
 55154 | Hell     | Found a gateway to the freezing wastes of Cocytus.
 55241 | Hell     | Found a gateway to the Iron City of Dis.
 55532 | Depths:4 | Voluntarily entered the Abyss.
 56101 | Abyss:1  | Reached ****** piety under Zin
 56986 | Abyss:3  | Found a corrupted altar of Lugonu.
 57180 | Abyss:3  | Reached skill level 10 in Invocations
 57618 | Abyss:3  | Identified the +1 war axe "Ufyng" {chop, rPois Str-2 Dex+2}
                  | (You acquired it on level 3 of the Abyss)
 58646 | Abyss:3  | Found a hazy altar of Hepliaklqana.
 58798 | Abyss:3  | Found a corrupted altar of Lugonu.
 58842 | Abyss:3  | Reached skill level 10 in Spellcasting
 59310 | Depths:4 | Escaped the Abyss
 59662 | Vaults:5 | Was forgiven by Okawaru
 60126 | Depths:4 | Voluntarily entered the Abyss.
 60954 | Abyss:1  | Found a corrupted altar of Lugonu.
 61075 | Abyss:1  | Found a corrupted altar of Lugonu.
 61969 | Abyss:1  | Paralysed by accursed screaming for 1 turns
 61985 | Abyss:1  | Paralysed by accursed screaming for 2 turns
 62169 | Abyss:1  | Noticed an ancient lich
 62169 | Abyss:1  | Paralysed by accursed screaming for 2 turns
 62184 | Abyss:1  | Killed an ancient lich
 62673 | Abyss:1  | Found a corrupted altar of Lugonu.
 62884 | Abyss:1  | Paralysed by you for 6 turns
 63025 | Abyss:1  | Paralysed by accursed screaming for 2 turns
 65189 | Abyss:2  | Got a glittering lead ring
 65190 | Abyss:2  | Identified the cursed ring of Entrepreneurial Spirit {AC-5
                  | Str+4} (You found it on level 2 of the Abyss)
 65593 | Abyss:2  | Paralysed by accursed screaming for 2 turns
 65768 | Abyss:2  | Found a runed door.
 65786 | Abyss:2  | Identified the +4 hand axe "Imewk" {flame, -Tele rF+ Int+4}
                  | (You found it on level 2 of the Abyss)
 66064 | Abyss:2  | Found a corrupted altar of Lugonu.
 66356 | Abyss:2  | Paralysed by accursed screaming for 1 turns
 66556 | Abyss:2  | Paralysed by accursed screaming for 1 turns
 66581 | Abyss:2  | Paralysed by accursed screaming for 1 turns
 67435 | Abyss:3  | Paralysed by accursed screaming for 2 turns
 67441 | Abyss:3  | Paralysed by accursed screaming for 2 turns
 67668 | Abyss:3  | Paralysed by a floating eye for 3 turns
 67675 | Abyss:3  | Got an abyssal rune of Zot
 67793 | Abyss:3  | Lost intelligence.
 68580 | Depths:4 | Escaped the Abyss
 68672 | Pan      | Entered Pandemonium
 68713 | Pan      | Noticed Ytsees the pandemonium lord
 68726 | Pan      | Killed Ytsees the pandemonium lord
 69488 | Pan      | Reached skill level 15 in Invocations
 69579 | Pan      | Reached skill level 27 in Shields
 69600 | Pan      | Noticed Dizxecvu the pandemonium lord
 69613 | Pan      | Killed Dizxecvu the pandemonium lord
 70107 | Pan      | Noticed Asmao the pandemonium lord
 70132 | Pan      | Killed Asmao the pandemonium lord
 71105 | Pan      | Found an exit through the horrors of the Abyss.
 71415 | Pan      | Noticed Gewadoin the pandemonium lord
 71428 | Pan      | Killed Gewadoin the pandemonium lord
 71451 | Pan      | Identified the +1 battleaxe of the Pyrrhic Victory {venom,
                  | rElec} (You found it in Pandemonium)
 71502 | Pan      | Reached skill level 15 in Stealth
 71756 | Pan      | Noticed Mutuixkekli the pandemonium lord
 71764 | Pan      | Killed Mutuixkekli the pandemonium lord
 71997 | Pan      | Noticed Taffeluz the pandemonium lord
 72047 | Pan      | Killed Taffeluz the pandemonium lord
 72268 | Pan      | Got a demonic rune of Zot
 72905 | Pan      | Identified the +2 scale mail of Light {rF++ Regen+ Int+2
                  | Dex-5} (You found it in Pandemonium)
 73129 | Pan      | Found an exit through the horrors of the Abyss.
 74035 | Pan      | Noticed Yluamer the pandemonium lord
 74281 | Pan      | Noticed Body the pandemonium lord
 74656 | Pan      | Killed Body the pandemonium lord
 74750 | Pan      | Cast into level 2 of the Abyss (demon trident of
                  | distortion)
 74886 | Pan      | Escaped the Abyss
 74944 | Pan      | Reached skill level 27 in Fighting
 75559 | Pan      | Noticed Xusevin the pandemonium lord
 75585 | Pan      | Killed Xusevin the pandemonium lord
 75765 | Pan      | Found an exit through the horrors of the Abyss.
 75942 | Pan      | Entered the realm of Cerebov.
 75949 | Pan      | Found an exit through the horrors of the Abyss.
 76505 | Pan      | Noticed Cerebov
 76644 | Pan      | Identified the Grimoire of Glacial Venom
 76685 | Pan      | Killed Cerebov
 76717 | Pan      | Got a fiery rune of Zot
 77393 | Pan      | Found an exit through the horrors of the Abyss.
 77443 | Pan      | Entered the realm of Lom Lobon.
 77486 | Pan      | Reached skill level 15 in Dodging
 77668 | Pan      | Noticed Mennas
 77703 | Pan      | Killed Mennas
 77709 | Pan      | Got a twisted large shield
 77710 | Pan      | Identified the +1 large shield of Utosadwo {rPois Stlth+}
                  | (You took it off Mennas in Pandemonium)
 77832 | Pan      | Found an exit through the horrors of the Abyss.
 78021 | Pan      | Noticed Lom Lobon
 78115 | Pan      | Killed Lom Lobon
 78283 | Pan      | Got a magical rune of Zot
 78502 | Pan      | Entered the realm of Mnoleg.
 78687 | Pan      | Noticed Mnoleg
 78715 | Pan      | Killed Mnoleg
 79324 | Pan      | Got a glowing rune of Zot
 79489 | Pan      | Noticed Goalaq the pandemonium lord
 79528 | Pan      | Killed Goalaq the pandemonium lord
 79867 | Pan      | Found an exit through the horrors of the Abyss.
 79944 | Pan      | Noticed Iwkoer the pandemonium lord
 79957 | Pan      | Killed Iwkoer the pandemonium lord
 79975 | Pan      | Reached skill level 15 in Armour
 79996 | Pan      | Entered the realm of Gloorx Vloq.
 80367 | Pan      | Noticed Gloorx Vloq
 80386 | Pan      | Killed Gloorx Vloq
 80414 | Pan      | Got a dark rune of Zot
 80693 | Pan      | Noticed Tyungil the pandemonium lord
 80705 | Pan      | Killed Tyungil the pandemonium lord
 80867 | Pan      | Found an exit through the horrors of the Abyss.
 81480 | Pan      | Noticed Degufoin the pandemonium lord
 81495 | Pan      | Killed Degufoin the pandemonium lord
 81702 | Pan      | Found an exit through the horrors of the Abyss.
 81990 | Pan      | Noticed Xeen the pandemonium lord
 82010 | Pan      | Killed Xeen the pandemonium lord
 82167 | Depths:3 | Escaped Pandemonium
 82256 | Hell     | Identified the +0 pair of boots of Xaustral {rElec rCorr
                  | Str-5 Int+7} (You acquired it in the Vestibule of Hell)
 82281 | Coc:1    | Entered Level 1 of Cocytus
 82713 | Coc:7    | Entered Level 7 of Cocytus
 83450 | Coc:7    | Noticed Antaeus
 83484 | Coc:7    | Killed Antaeus
 83486 | Coc:7    | Identified the amulet "Kuschuept" {Gourm Int+3 Stlth+} (You
                  | took it off Antaeus on level 7 of Cocytus)
 83757 | Coc:7    | Got a bound silver ring
 83767 | Coc:7    | Got an icy rune of Zot
 83795 | Coc:7    | Identified the ring "Datza" {+Blink rN+ MP+9} (You found it
                  | on level 7 of Cocytus)
 84107 | Tar:1    | Entered Level 1 of Tartarus
 85370 | Tar:7    | Entered Level 7 of Tartarus
 85459 | Tar:7    | Got a vibrating lead amulet
 85465 | Tar:7    | Identified the amulet of Tomorrow {rPois Regen+} (You found
                  | it on level 7 of Tartarus)
 85562 | Tar:7    | Noticed the Serpent of Hell
 85580 | Tar:7    | Killed the Serpent of Hell
 85705 | Tar:7    | Noticed Ereshkigal
 85728 | Tar:7    | Killed Ereshkigal
 86025 | Tar:7    | Got a bone rune of Zot
 86082 | Tar:7    | Got a slimy garnet amulet
 86083 | Tar:7    | Identified the amulet "Culasamn" {Spirit rPois rF+ Int+3}
                  | (You found it on level 7 of Tartarus)
 86167 | Tar:7    | Got a steaming silver ring
 86168 | Tar:7    | Identified the ring "Volue" {*Slow +Inv rElec rC++ Stlth-}
                  | (You found it on level 7 of Tartarus)
 86222 | Tar:7    | Noticed an ancient lich
 86229 | Tar:7    | Killed an ancient lich
 86476 | Geh:1    | Entered Level 1 of Gehenna
 87175 | Geh:5    | You fall through a shaft!
 87178 | Geh:6    | Lost mutation: Your muscles are strong. (Str +2) [mutagenic
                  | glow]
 87247 | Geh:6    | Gained mutation: Armour fits poorly on your strangely
                  | shaped body. [mutagenic glow]
 87287 | Geh:7    | Entered Level 7 of Gehenna
 87729 | Geh:7    | Found the +3 robe of Clouds {+Fly rElec}
 87754 | Geh:7    | Got a sparkling ivory amulet
 87755 | Geh:7    | Identified the amulet of Xaeryeck {rPois Regen+} (You found
                  | it on level 7 of Gehenna)
 88116 | Geh:7    | Noticed Asmodeus
 88134 | Geh:7    | Killed Asmodeus
 88163 | Geh:7    | Got an obsidian rune of Zot
 88616 | Dis:1    | Entered Level 1 of the Iron City of Dis
 89193 | Dis:7    | Entered Level 7 of the Iron City of Dis
 89347 | Dis:7    | Reached skill level 27 in Stealth
 89597 | Dis:7    | Noticed Dispater
 89631 | Dis:7    | Killed Dispater
 89696 | Dis:7    | Got a smoking brass ring
 89702 | Dis:7    | Got an iron rune of Zot
 89705 | Dis:7    | Got a scorched bronze ring
 89720 | Dis:7    | Identified the ring "Qaodat" {rPois rC+} (You found it on
                  | level 7 of the Iron City of Dis)
 89721 | Dis:7    | Identified the ring "Taefoargh" {rF+ SInv} (You found it on
                  | level 7 of the Iron City of Dis)
 89971 | Dis:7    | Identified the ring of the Establishment {MP+9 Dex+2
                  | Slay+2} (You found it on level 7 of the Iron City of Dis)
 90027 | Dis:7    | Identified the Volume of the Helpful Birds
 90333 | Depths:3 | Learned a level 8 spell: Controlled Blink
 90395 | Depths:4 | Voluntarily entered the Abyss.
 90423 | Abyss:1  | Reached skill level 15 in Translocations
 90467 | Abyss:1  | Found a corrupted altar of Lugonu.
 90549 | Abyss:1  | Found a corrupted altar of Lugonu.
 90599 | Abyss:3  | Found a shadowy altar of Dithmenos.
 90725 | Abyss:3  | Found a corrupted altar of Lugonu.
 90753 | Abyss:3  | Found a corrupted altar of Lugonu.
 90870 | Abyss:3  | Found a corrupted altar of Lugonu.
 91022 | Abyss:4  | Paralysed by accursed screaming for 2 turns
 91027 | Abyss:4  | Paralysed by accursed screaming for 2 turns
 91248 | Abyss:5  | Entered Level 5 of the Abyss
 92146 | Abyss:5  | Got a pitted iron ring
 92147 | Abyss:5  | Identified the ring of Cybbiaps {+Fly rPois MR+ Str-5
                  | Stlth+} (You found it on level 5 of the Abyss)
 92557 | Depths:4 | Escaped the Abyss
 92576 | Depths:4 | Voluntarily entered the Abyss.
 92576 | Abyss:1  | Found a corrupted altar of Lugonu.
 92579 | Abyss:1  | Noticed an ancient lich
 92602 | Abyss:1  | Killed an ancient lich
 93024 | Abyss:3  | Reached skill level 15 in Spellcasting
 93069 | Abyss:4  | Found a corrupted altar of Lugonu.
 93149 | Abyss:4  | Paralysed by accursed screaming for 1 turns
 93164 | Abyss:5  | Entered Level 5 of the Abyss
 93745 | Abyss:5  | Found a corrupted altar of Lugonu.
 93889 | Abyss:5  | Found a corrupted altar of Lugonu.
 93915 | Depths:4 | Escaped the Abyss
 94366 | Tomb:1   | Entered Level 1 of the Tomb of the Ancients
 94805 | Tomb:1   | Noticed a greater mummy
 94812 | Tomb:1   | Killed a greater mummy
 94821 | Tomb:1   | Noticed a greater mummy
 94841 | Tomb:1   | Killed a greater mummy
 95034 | Tomb:1   | Found the +8 frozen axe "Frostbite" {freezing cloud, *Noise
                  | +Fly rC+}
 95117 | Tomb:2   | Noticed a greater mummy
 95119 | Tomb:2   | Noticed a greater mummy
 95121 | Tomb:2   | Noticed a greater mummy
 95124 | Tomb:2   | Noticed a greater mummy
 95124 | Tomb:2   | Noticed a greater mummy
 95504 | Tomb:2   | Killed a greater mummy
 95507 | Tomb:2   | Killed a greater mummy
 95513 | Tomb:2   | Killed a greater mummy
 95528 | Tomb:2   | Killed a greater mummy
 95981 | Tomb:2   | Killed a greater mummy
 97057 | Depths:4 | Voluntarily entered the Abyss.
 97282 | Abyss:2  | Found a corrupted altar of Lugonu.
 97308 | Abyss:2  | Found a corrupted altar of Lugonu.
 97477 | Abyss:3  | Found an ancient bone altar of Kikubaaqudgha.
 97827 | Abyss:3  | Found a corrupted altar of Lugonu.
 98003 | Abyss:5  | Entered Level 5 of the Abyss
 99977 | Abyss:5  | Identified the ring of Coametzola {*Drain MP+9 Str-5 Int+6
                  | Dex+2} (You found it on level 5 of the Abyss)
100055 | Abyss:5  | Paralysed by accursed screaming for 1 turns
100112 | Abyss:5  | Found a corrupted altar of Lugonu.
100249 | Abyss:5  | Paralysed by accursed screaming for 1 turns
100332 | Abyss:5  | Found a corrupted altar of Lugonu.
100453 | Abyss:5  | Found a corrupted altar of Lugonu.
100630 | Abyss:5  | Reached skill level 27 in Invocations
100847 | Abyss:5  | Paralysed by you for 6 turns
100885 | Abyss:5  | Lost mutation: Armour fits poorly on your strangely shaped
                  | body. [potion of mutation]
100885 | Abyss:5  | Lost mutation: Your spells are a little harder to cast, but
                  | a little more powerful. [potion of mutation]
101855 | Abyss:5  | Found a corrupted altar of Lugonu.
101934 | Abyss:5  | Learned a level 1 spell: Apportation
101941 | Abyss:5  | Learned a level 6 spell: Dispersal
101944 | Abyss:5  | Learned a level 2 spell: Shroud of Golubria
101949 | Abyss:5  | Learned a level 4 spell: Passage of Golubria
101955 | Abyss:5  | Learned a level 5 spell: Summon Forest
102258 | Abyss:5  | Reached skill level 1 in Charms
102501 | Abyss:5  | Reached skill level 1 in Summonings
102531 | Abyss:5  | Found a shattered altar of Ashenzari.
102565 | Abyss:5  | Found a corrupted altar of Lugonu.
103287 | Abyss:5  | Paralysed by accursed screaming for 1 turns
103315 | Abyss:5  | Noticed an ancient lich
103327 | Abyss:5  | Killed an ancient lich
103346 | Abyss:5  | Paralysed by accursed screaming for 2 turns
103847 | Abyss:5  | Found a corrupted altar of Lugonu.
103894 | Abyss:5  | Found a corrupted altar of Lugonu.
104179 | Depths:4 | Escaped the Abyss
104433 | Zig:1    | Entered Level 1 of a ziggurat
104454 | Zig:2    | Entered Level 2 of a ziggurat
104477 | Zig:3    | Entered Level 3 of a ziggurat
104499 | Zig:4    | Entered Level 4 of a ziggurat
104553 | Zig:5    | Entered Level 5 of a ziggurat
104699 | Zig:6    | Entered Level 6 of a ziggurat
104741 | Zig:6    | Identified the +6 flail of Icriosil {crush, rPois MR+} (You
                  | found it on level 6 of a ziggurat)
104988 | Zig:7    | Entered Level 7 of a ziggurat
105022 | Zig:7    | Learned a level 5 spell: Aura of Abjuration
105052 | Zig:8    | Entered Level 8 of a ziggurat
105075 | Zig:8    | Paralysed by accursed screaming for 1 turns
105188 | Zig:8    | Identified the +10 hunting sling "Widowmaker" {velocity,
                  | *Slow rN+ SInv} (You found it on level 8 of a ziggurat)
105218 | Zig:9    | Entered Level 9 of a ziggurat
105301 | Zig:10   | Entered Level 10 of a ziggurat
105399 | Zig:11   | Entered Level 11 of a ziggurat
105428 | Zig:11   | Noticed a juggernaut
105461 | Zig:11   | Killed a juggernaut
105531 | Zig:11   | Identified the +10 broad axe of Hakiv {elec, rN+ Int+2}
                  | (You found it on level 11 of a ziggurat)
105538 | Zig:11   | Got a warped sapphire amulet
105545 | Zig:11   | Got a transparent bone ring
105561 | Zig:11   | Identified the amulet of Ru's Displeasure {Inacc rElec MP+9
                  | Int+4 Dex-4} (You found it on level 11 of a ziggurat)
105564 | Zig:11   | Identified the ring "Upherom" {Fire MP+9} (You found it on
                  | level 11 of a ziggurat)
105572 | Zig:12   | Entered Level 12 of a ziggurat
105657 | Zig:12   | Identified the +3 chain mail of Spring Thaw {rN+++ rCorr
                  | Dex-2 Stlth+} (You found it on level 12 of a ziggurat)
105659 | Zig:12   | Got a transparent bronze amulet
105660 | Zig:12   | Identified the amulet "Byewum" {Regen+ Dex+4 Slay+2} (You
                  | found it on level 12 of a ziggurat)
105686 | Zig:12   | Identified The Intricacies of Wizardry
105700 | Zig:13   | Entered Level 13 of a ziggurat
105809 | Zig:13   | Identified the cursed +0 crystal plate armour of the
                  | Trombone {*Contam rPois rCorr Int+5} (You found it on level
                  | 13 of a ziggurat)
105818 | Zig:13   | Identified the +6 plate armour "Ryeffoh" {Int+4} (You found
                  | it on level 13 of a ziggurat)
105822 | Zig:14   | Entered Level 14 of a ziggurat
105876 | Zig:14   | Paralysed by a floating eye for 2 turns
106059 | Zig:14   | Got a transparent lead ring
106061 | Zig:14   | Identified the ring of Sysayr {+Blink rPois MR+ Str+2
                  | Slay+2} (You found it on level 14 of a ziggurat)
106073 | Zig:14   | Identified the Almanac of Flames and Cold
106089 | Zig:14   | Reached skill level 5 in Evocations
106097 | Zig:14   | Learned a level 6 spell: Darkness
106109 | Zig:15   | Entered Level 15 of a ziggurat
106411 | Zig:15   | Identified the Collected Works on the Volcanoes and Curses
106424 | Zig:15   | Identified the Grimoire of the Unstable Entourage
106442 | Zig:15   | Got a steaming granite ring
106452 | Zig:15   | Identified the ring "Sozouf" {rElec SInv} (You found it on
                  | level 15 of a ziggurat)
106472 | Zig:16   | Entered Level 16 of a ziggurat
106628 | Zig:16   | Found the +8 Wrath of Trog {antimagic, *Rage}
106649 | Zig:16   | Identified Mitag's Volume of Flamy Summoning
106672 | Zig:16   | Reached skill level 5 in Throwing
106672 | Zig:16   | Reached skill level 1 in Hexes
106681 | Zig:17   | Entered Level 17 of a ziggurat
106730 | Zig:17   | Reached skill level 5 in Summonings
106883 | Zig:18   | Entered Level 18 of a ziggurat
106940 | Zig:18   | Noticed a greater mummy
106942 | Zig:18   | Noticed a greater mummy
106945 | Zig:18   | Noticed a greater mummy
106946 | Zig:18   | Noticed a greater mummy
106948 | Zig:18   | Noticed a greater mummy
106949 | Zig:18   | Noticed a greater mummy
106951 | Zig:18   | Killed a greater mummy
106954 | Zig:18   | Noticed a greater mummy
106965 | Zig:18   | Got a twitching wooden ring
106967 | Zig:18   | Reached skill level 5 in Unarmed Combat
106967 | Zig:18   | Reached skill level 1 in Conjurations
106974 | Zig:18   | Identified the Papyrus of Poisonous Self-Improvement
106992 | Zig:19   | Entered Level 19 of a ziggurat
107324 | Zig:19   | Identified the ring of Alialim {*Slow EV+1 Str+2 Int+4
                  | Dex-3} (You found it on level 18 of a ziggurat)
107325 | Zig:19   | Identified the ring of Limitation {rElec rPois rF++} (You
                  | found it on level 19 of a ziggurat)
107344 | Zig:19   | Identified the Tome of Ashen Protection
107358 | Zig:19   | Identified the +11 battleaxe of the Pure Emperors {pain,
                  | rF+ MR+++ Int-5 Stlth+} (You found it on level 19 of a
                  | ziggurat)
107368 | Zig:20   | Entered Level 20 of a ziggurat
107600 | Zig:20   | Found the amulet of the Four Winds {rN+ MR+++ Clar}
107646 | Zig:20   | Identified Ahyill's Almanac of Snow
107659 | Zig:21   | Entered Level 21 of a ziggurat
107876 | Zig:21   | Reached skill level 5 in Charms
107886 | Zig:21   | Identified the +4 executioner's axe "Leviticus" {chaos,
                  | rN+} (You found it on level 21 of a ziggurat)
107907 | Zig:21   | Identified the Disquisition on Darkness
107925 | Zig:21   | Learned a level 8 spell: Disjunction
107931 | Zig:21   | Learned a level 5 spell: Metabolic Englaciation
107932 | Zig:22   | Entered Level 22 of a ziggurat
108033 | Zig:22   | Reached skill level 27 in Translocations
108036 | Zig:22   | Reached skill level 27 in Spellcasting
108136 | Zig:22   | Paralysed by a floating eye for 2 turns
108221 | Zig:22   | Reached skill level 10 in Summonings
108228 | Zig:22   | Paralysed by a floating eye for 3 turns
108294 | Zig:22   | Paralysed by a floating eye for 2 turns
108302 | Zig:22   | Paralysed by a floating eye for 4 turns
108344 | Zig:22   | Reached skill level 1 in Ice Magic
108344 | Zig:22   | Reached skill level 5 in Air Magic
108349 | Zig:22   | Identified the ring "Noeruz" {rF+++ rC- MR+++ MP+9 SInv}
                  | (You found it on level 22 of a ziggurat)
108351 | Zig:22   | Identified the +7 war axe of Xoghiax {holy, +Fly rElec
                  | Str-4} (You found it on level 22 of a ziggurat)
108373 | Zig:22   | Identified the +8 plate armour of Bunoh {Int+4} (You found
                  | it on level 22 of a ziggurat)
108379 | Zig:23   | Entered Level 23 of a ziggurat
108618 | Zig:23   | Identified Sif Muna's Catalogue of Beguiling
108632 | Zig:23   | Identified the ring "Utish" {rPois rN+ Int+3 Stlth+} (You
                  | found it on level 23 of a ziggurat)
108650 | Zig:23   | Identified Sudomej's Almanac of Assistive Changing
108657 | Zig:23   | Donated 5546 gold pieces to Zin
108659 | Zig:24   | Entered Level 24 of a ziggurat
108689 | Zig:24   | Noticed Unoyraw the pandemonium lord
108697 | Zig:24   | Noticed Gocedag the pandemonium lord
108703 | Zig:24   | Noticed Ecaph the pandemonium lord
108719 | Zig:24   | Killed Unoyraw the pandemonium lord
108721 | Zig:24   | Killed Gocedag the pandemonium lord
108723 | Zig:24   | Noticed Ytaduqege the pandemonium lord
108728 | Zig:24   | Killed Ecaph the pandemonium lord
108738 | Zig:24   | Noticed Ureecs the pandemonium lord
108740 | Zig:24   | Killed Ytaduqege the pandemonium lord
108745 | Zig:24   | Noticed Wecvumn the pandemonium lord
108754 | Zig:24   | Paralysed by a floating eye for 4 turns
108764 | Zig:24   | Noticed Utrae the pandemonium lord
108778 | Zig:24   | Killed Ureecs the pandemonium lord
108784 | Zig:24   | Noticed Gunucex the pandemonium lord
108789 | Zig:24   | Reached skill level 15 in Summonings
108795 | Zig:24   | Killed Utrae the pandemonium lord
108800 | Zig:24   | Killed Gunucex the pandemonium lord
108810 | Zig:24   | Paralysed by a floating eye for 4 turns
108818 | Zig:24   | Killed Wecvumn the pandemonium lord
108872 | Zig:24   | Noticed Obicyez the pandemonium lord
108895 | Zig:24   | Killed Obicyez the pandemonium lord
109012 | Zig:24   | Found the +15 Maxwell's patent armour {-Cast -Tele rElec
                  | MR+ rCorr}
109152 | Zig:24   | Got a glittering granite ring
109153 | Zig:24   | Identified the ring "Xes Det" {rCorr +Blink rPois MR+++
                  | Str-5} (You found it on level 24 of a ziggurat)
109170 | Zig:25   | Entered Level 25 of a ziggurat
109514 | Zig:25   | Found the +5 demon whip "Spellbinder" {antimagic, MR+}
109519 | Zig:25   | Found the +4 arc blade {discharge, rElec}
109521 | Zig:25   | Identified the +10 flail of Nightmares {elec, Dex+8 SInv}
                  | (You found it on level 25 of a ziggurat)
109531 | Zig:25   | Identified Dajoenk's Incunabulum of the Birds and Changing
109582 | Zig:25   | Learned a level 7 spell: Summon Hydra
109608 | Zig:26   | Entered Level 26 of a ziggurat
109667 | Zig:26   | Reached skill level 5 in Hexes
109950 | Zig:26   | Reached skill level 10 in Hexes
110055 | Zig:26   | Found the +10 large shield of Ignorance {rN+ Int-4}
110086 | Zig:26   | Got a sparkling bronze ring
110087 | Zig:26   | Identified the ring of Generosity {rPois rC+ Str+8 Int+2
                  | SInv} (You found it on level 26 of a ziggurat)
110130 | Zig:27   | Entered Level 27 of a ziggurat
110511 | Zig:27   | Identified the amulet "Tuen" {RegenMP MP+9 Int+2 Stlth+}
                  | (You found it on level 27 of a ziggurat)
110562 | Zig:27   | Got a scorched brass ring
110563 | Zig:27   | Identified the ring of Nun Gugu {Ice Int+3} (You found it
                  | on level 27 of a ziggurat)
110725 | Hell     | Learned a level 8 spell: Discord
110772 | Zig:1    | Entered Level 1 of a ziggurat
110774 | Zig:1    | Reached skill level 15 in Hexes
110784 | Zig:2    | Entered Level 2 of a ziggurat
110799 | Zig:3    | Entered Level 3 of a ziggurat
110833 | Zig:4    | Entered Level 4 of a ziggurat
110851 | Zig:4    | Identified the Guide on Twisted Transmutation
110859 | Zig:5    | Entered Level 5 of a ziggurat
110915 | Zig:6    | Entered Level 6 of a ziggurat
110966 | Zig:7    | Entered Level 7 of a ziggurat
111033 | Zig:7    | Identified Sif Muna's Guide on Blistering Venom
111046 | Zig:8    | Entered Level 8 of a ziggurat
111124 | Zig:8    | Identified the Guide on Necromancy
111137 | Zig:9    | Entered Level 9 of a ziggurat
111235 | Zig:9    | Identified the ring of Past Mistakes {rPois rN+ AC+3 Dex+2}
                  | (You found it on level 9 of a ziggurat)
111244 | Zig:9    | Identified the cursed +3 war axe of Nyehaeq {vamp, Str+6}
                  | (You found it on level 9 of a ziggurat)
111253 | Zig:10   | Entered Level 10 of a ziggurat
111360 | Zig:10   | Identified the Almanac of Translocation
111376 | Zig:11   | Entered Level 11 of a ziggurat
111432 | Zig:11   | Noticed Puega the pandemonium lord
111453 | Zig:11   | Killed Puega the pandemonium lord
111498 | Zig:11   | Identified the ring of Ceaqizoch {MR+ EV+2 Int+2} (You
                  | found it on level 11 of a ziggurat)
111505 | Zig:11   | Identified the ring "Yjefres" {*Drain +Blink +Fly rC++}
                  | (You found it on level 11 of a ziggurat)
111514 | Zig:12   | Entered Level 12 of a ziggurat
111643 | Zig:12   | Found the +3 sling "Punk" {acid, rCorr}
111651 | Zig:12   | Identified the cursed +2 fustibalus "Ogeblo" {freeze,
                  | rPois} (You found it on level 12 of a ziggurat)
111683 | Zig:13   | Entered Level 13 of a ziggurat
111705 | Zig:13   | Reached skill level 10 in Charms
111799 | Zig:13   | Identified Sif Muna's Incunabulum of Malediction and the
                  | Blaze
111811 | Zig:13   | Got a wavering tin ring
111812 | Zig:13   | Identified the ring "Decsimpi" {rN+ Str-3 Dex+4 Stlth-}
                  | (You found it on level 13 of a ziggurat)
111826 | Zig:13   | Identified Wuidghynto's Almanac of Earthen Changing
111851 | Zig:13   | Learned a level 6 spell: Invisibility
111857 | Zig:14   | Entered Level 14 of a ziggurat
111867 | Zig:14   | Noticed Hiowk the pandemonium lord
111875 | Zig:14   | Noticed Edghiaq the pandemonium lord
111878 | Zig:14   | Noticed Varoarch the pandemonium lord
111886 | Zig:14   | Noticed Renos the pandemonium lord
111886 | Zig:14   | Noticed Ennot the pandemonium lord
111890 | Zig:14   | Killed Hiowk the pandemonium lord
111895 | Zig:14   | Killed Varoarch the pandemonium lord
111896 | Zig:14   | Noticed Des Gies the pandemonium lord
111897 | Zig:14   | Killed Edghiaq the pandemonium lord
111906 | Zig:14   | Killed Renos the pandemonium lord
111908 | Zig:14   | Killed Ennot the pandemonium lord
111913 | Zig:14   | Noticed Souhaat the pandemonium lord
111917 | Zig:14   | Killed Des Gies the pandemonium lord
111919 | Zig:14   | Noticed Wuuxorch Goed the pandemonium lord
111920 | Zig:14   | Noticed Boank the pandemonium lord
111934 | Zig:14   | Killed Souhaat the pandemonium lord
111940 | Zig:14   | Noticed Yllem the pandemonium lord
111941 | Zig:14   | Noticed Xaitipp the pandemonium lord
111950 | Zig:14   | Killed Boank the pandemonium lord
111954 | Zig:14   | Killed Wuuxorch Goed the pandemonium lord
111962 | Zig:14   | Killed Xaitipp the pandemonium lord
111981 | Zig:14   | Killed Yllem the pandemonium lord
112077 | Zig:15   | Entered Level 15 of a ziggurat
112129 | Zig:15   | Reached skill level 15 in Charms
112176 | Zig:15   | Noticed an ancient lich
112183 | Zig:15   | Noticed an ancient lich
112193 | Zig:15   | Killed an ancient lich
112198 | Zig:15   | Killed an ancient lich
112223 | Zig:15   | Found the ring of Phasing {EV+8}
112239 | Zig:15   | Got a smoking marble ring
112258 | Zig:15   | Identified the Compendium of Boosting Transformation
112285 | Zig:16   | Entered Level 16 of a ziggurat
112389 | Zig:16   | Reached skill level 10 in Evocations
112559 | Zig:16   | Found the +8 demon blade "Bloodbane" {slice, *Rage +Rage
                  | Stlth-}
112568 | Zig:16   | Got a warped crystal amulet
112584 | Zig:16   | Identified the +3 plate armour of the Engineer {+Inv} (You
                  | found it on level 16 of a ziggurat)
112585 | Zig:16   | Identified the cursed ring of Vet Qoegh {MR+ EV-2 Str+2
                  | Dex+4} (You found it on level 15 of a ziggurat)
112586 | Zig:16   | Identified the amulet "Bualas" {Spirit rPois} (You found it
                  | on level 16 of a ziggurat)
112591 | Zig:17   | Entered Level 17 of a ziggurat
112682 | Zig:17   | Found the cursed +14 obsidian axe {chop, +Fly SInv *Curse}
112721 | Zig:17   | Identified the Collected Works on Feathers
112738 | Zig:18   | Entered Level 18 of a ziggurat
112907 | Zig:18   | Identified the Papyrus of Helpful Arcane Weapons
112964 | Zig:19   | Entered Level 19 of a ziggurat
113244 | Zig:19   | Got a brightly glowing emerald amulet
113245 | Zig:19   | Identified the amulet "Fehies" {+Rage rF+++ rN++ Dex+4
                  | Slay-5} (You found it on level 19 of a ziggurat)
113268 | Zig:20   | Entered Level 20 of a ziggurat
113424 | Zig:20   | Identified Sif Muna's Catalogue of Earthen Snow
113439 | Zig:20   | Reached skill level 5 in Ice Magic
113445 | Zig:21   | Entered Level 21 of a ziggurat
113691 | Zig:21   | Found the +5 pair of quick blades "Gyre" and "Gimble"
                  | {pierce, Dex-3}
113693 | Zig:21   | Found the +8 whip "Snakebite" {curare, rPois}
113706 | Zig:21   | Identified the +8 broad axe of the Unkillable {chaos, Str+4
                  | Dex+2} (You found it on level 21 of a ziggurat)
113710 | Zig:21   | Identified the Papyrus of the Volcano
113722 | Zig:21   | Got a coiled tin ring
113723 | Zig:21   | Identified the ring of Peomnoluen {rN+ Str+3 Dex+2} (You
                  | found it on level 21 of a ziggurat)
113736 | Zig:22   | Entered Level 22 of a ziggurat
113834 | Zig:22   | Noticed a juggernaut
113857 | Zig:22   | Killed a juggernaut
113963 | Zig:23   | Entered Level 23 of a ziggurat
113973 | Zig:23   | Learned a level 6 spell: Deflect Missiles
114034 | Zig:23   | Noticed Lege the pandemonium lord
114036 | Zig:23   | Noticed Tanwuo the pandemonium lord
114047 | Zig:23   | Noticed Kaczau the pandemonium lord
114050 | Zig:23   | Killed Tanwuo the pandemonium lord
114054 | Zig:23   | Killed Lege the pandemonium lord
114055 | Zig:23   | Noticed Featocw the pandemonium lord
114056 | Zig:23   | Noticed Urrideuw the pandemonium lord
114056 | Zig:23   | Noticed Deamu the pandemonium lord
114056 | Zig:23   | Noticed Mutam the pandemonium lord
114058 | Zig:23   | Noticed Humisecu the pandemonium lord
114058 | Zig:23   | Noticed Jetraev the pandemonium lord
114063 | Zig:23   | Noticed Eshrewk the pandemonium lord
114071 | Zig:23   | Killed Kaczau the pandemonium lord
114083 | Zig:23   | Killed Featocw the pandemonium lord
114091 | Zig:23   | Killed Eshrewk the pandemonium lord
114098 | Zig:23   | Noticed Dosu Jua the pandemonium lord
114100 | Zig:23   | Noticed Laot the pandemonium lord
114107 | Zig:23   | Noticed Qisis the pandemonium lord
114112 | Zig:23   | Noticed Nusto the pandemonium lord
114123 | Zig:23   | Noticed Pig Gybb the pandemonium lord
114128 | Zig:23   | Noticed Kittawn the pandemonium lord
114136 | Zig:23   | Killed Humisecu the pandemonium lord
114138 | Zig:23   | Killed Nusto the pandemonium lord
114140 | Zig:23   | Killed Dosu Jua the pandemonium lord
114146 | Zig:23   | Killed Deamu the pandemonium lord
114151 | Zig:23   | Killed Qisis the pandemonium lord
114154 | Zig:23   | Killed Pig Gybb the pandemonium lord
114158 | Zig:23   | Killed Laot the pandemonium lord
114162 | Zig:23   | Killed Kittawn the pandemonium lord
114164 | Zig:23   | Noticed Jiebrekke the pandemonium lord
114194 | Zig:23   | Killed Jiebrekke the pandemonium lord
114199 | Zig:23   | Noticed Unkocaaj the pandemonium lord
114217 | Zig:23   | Killed Jetraev the pandemonium lord
114220 | Zig:23   | Killed Mutam the pandemonium lord
114227 | Zig:23   | Killed Unkocaaj the pandemonium lord
114232 | Zig:23   | Killed Urrideuw the pandemonium lord
114328 | Zig:23   | Found the cursed necklace of Bloodlust {*Rage +Rage MR++
                  | Int-3 Slay+6 *Curse}
114411 | Zig:24   | Entered Level 24 of a ziggurat
114495 | Zig:24   | Reached skill level 27 in Hexes
114659 | Zig:24   | Found the +12 Vampire's Tooth {vamp}
114675 | Zig:24   | Got a fine bone ring
114676 | Zig:24   | Identified the ring "Guquxaf" {Ice Slay+2} (You found it on
                  | level 24 of a ziggurat)
114687 | Zig:24   | Identified Sif Muna's Almanac of the Gliding Entourage
114715 | Zig:25   | Entered Level 25 of a ziggurat
114781 | Zig:25   | Noticed a juggernaut
114792 | Zig:25   | Killed a juggernaut
114793 | Zig:25   | Noticed a juggernaut
114794 | Zig:25   | Noticed a juggernaut
114811 | Zig:25   | Killed a juggernaut
114815 | Zig:25   | Killed a juggernaut
114822 | Zig:25   | Noticed a juggernaut
114822 | Zig:25   | Noticed a juggernaut
114837 | Zig:25   | Killed a juggernaut
114839 | Zig:25   | Killed a juggernaut
114850 | Zig:25   | Noticed a juggernaut
114869 | Zig:25   | Killed a juggernaut
114887 | Zig:25   | Reached skill level 10 in Ice Magic
114955 | Zig:25   | Found the +9 staff of Olgreb {rPois}
114956 | Zig:25   | Found the +3 warlock's mirror {reflect}
114958 | Zig:25   | Found the +8 autumn katana {slice, Clar}
114972 | Zig:25   | Reached skill level 10 in Throwing
114972 | Zig:25   | Reached skill level 10 in Air Magic
115027 | Zig:25   | Identified the Handbook of Augmentations
115049 | Zig:26   | Entered Level 26 of a ziggurat
115219 | Zig:26   | Noticed Oliprat the pandemonium lord
115250 | Zig:26   | Killed Oliprat the pandemonium lord
115297 | Zig:26   | Identified the Papyrus of Noxious Enhancements
115858 | Zig:26   | Donated 3083 gold pieces to Zin
115878 | Zig:27   | Entered Level 27 of a ziggurat
115957 | Zig:27   | Gained mutation: Scrolls take you a little longer to read.
                  | [mutagenic glow]
116168 | Zig:27   | Identified the +5 broad axe of Puihuu Welu {antimagic,
                  | *Slow rElec Dex+6} (You found it on level 27 of a ziggurat)
116182 | Zig:27   | Identified the +0 helmet of Honesty {rF+ rC+ MR-} (You
                  | found it on level 27 of a ziggurat)
116780 | Tomb:1   | Noticed a greater mummy
116782 | Tomb:1   | Noticed a greater mummy
116790 | Tomb:1   | Killed a greater mummy
116794 | Tomb:1   | Killed a greater mummy
116805 | Tomb:1   | Noticed a greater mummy
116809 | Tomb:1   | Noticed a greater mummy
116824 | Tomb:1   | Killed a greater mummy
116829 | Tomb:1   | Killed a greater mummy
116907 | Tomb:1   | Noticed a greater mummy
116909 | Tomb:1   | Noticed a greater mummy
116929 | Tomb:1   | Killed a greater mummy
116929 | Tomb:1   | Reached skill level 15 in Ice Magic
116936 | Tomb:1   | Noticed a greater mummy
116936 | Tomb:1   | Noticed a greater mummy
116945 | Tomb:1   | Killed a greater mummy
116951 | Tomb:1   | Killed a greater mummy
116968 | Tomb:1   | Noticed a greater mummy
116974 | Tomb:1   | Killed a greater mummy
117014 | Tomb:1   | Noticed a greater mummy
117023 | Tomb:1   | Killed a greater mummy
117026 | Tomb:1   | Noticed a greater mummy
117028 | Tomb:1   | Noticed a greater mummy
117031 | Tomb:1   | Killed a greater mummy
117053 | Tomb:1   | Killed a greater mummy
117060 | Tomb:1   | Noticed a greater mummy
117070 | Tomb:1   | Killed a greater mummy
117206 | Tomb:1   | Killed a greater mummy
117206 | Tomb:1   | Noticed a greater mummy
117218 | Tomb:1   | Killed a greater mummy
117222 | Tomb:1   | Noticed a greater mummy
117229 | Tomb:1   | Killed a greater mummy
117252 | Tomb:1   | Noticed a greater mummy
117264 | Tomb:1   | Noticed a greater mummy
117265 | Tomb:1   | Killed a greater mummy
117347 | Tomb:1   | Noticed a greater mummy
117353 | Tomb:1   | Noticed a greater mummy
117364 | Tomb:1   | Killed a greater mummy
117405 | Tomb:1   | Killed a greater mummy
117419 | Tomb:1   | Killed a greater mummy
117593 | Tomb:1   | Noticed a greater mummy
117597 | Tomb:1   | Noticed a greater mummy
117602 | Tomb:1   | Killed a greater mummy
117604 | Tomb:1   | Noticed a greater mummy
117608 | Tomb:1   | Killed a greater mummy
117618 | Tomb:1   | Killed a greater mummy
117618 | Tomb:1   | Reached skill level 27 in Charms
117625 | Tomb:1   | Noticed a greater mummy
117625 | Tomb:1   | Noticed a greater mummy
117636 | Tomb:1   | Killed a greater mummy
117638 | Tomb:1   | Noticed a greater mummy
117642 | Tomb:1   | Killed a greater mummy
117654 | Tomb:1   | Killed a greater mummy
117742 | Tomb:3   | Entered Level 3 of the Tomb of the Ancients
117855 | Tomb:3   | Noticed a greater mummy
117864 | Tomb:3   | Noticed a greater mummy
117865 | Tomb:3   | Killed a greater mummy
117874 | Tomb:3   | Killed a greater mummy
117875 | Tomb:3   | Noticed a greater mummy
118139 | Tomb:3   | Noticed a greater mummy
118140 | Tomb:3   | Noticed a greater mummy
118158 | Tomb:3   | Killed a greater mummy
118171 | Tomb:2   | Killed a greater mummy
118725 | Tomb:3   | Noticed a greater mummy
118727 | Tomb:3   | Found the +4 dagger "Morg" {pain, MR+ Int+5}
118753 | Tomb:3   | Killed a greater mummy
119133 | Tomb:3   | Noticed a greater mummy
119139 | Tomb:3   | Killed a greater mummy
119150 | Tomb:3   | Noticed a greater mummy
119155 | Tomb:3   | Killed a greater mummy
119158 | Tomb:3   | Killed a greater mummy
119232 | Tomb:3   | Got a pitted tin amulet
119237 | Tomb:3   | Identified the amulet "Mecer" {RegenMP *Corrode rPois rC++
                  | Int+9} (You found it on level 3 of the Tomb of the
                  | Ancients)
119240 | Tomb:3   | Identified the amulet "Tires" {Harm *Drain Dex+3} (You
                  | found it on level 3 of the Tomb of the Ancients)
119255 | Tomb:3   | Identified the +2 giant club of the Scroll {flame, +Fly rC-
                  | SInv} (You found it on level 3 of the Tomb of the Ancients)
119263 | Tomb:3   | Got a smoking iron ring
119266 | Tomb:3   | Identified the ring "Reledd" {MR+ Int+5} (You found it on
                  | level 3 of the Tomb of the Ancients)
119361 | Tomb:3   | Got a golden rune of Zot
119444 | Tomb:3   | Identified the Handbook of Creation and Enchantment
119464 | Tomb:3   | Identified the +1 broad axe of Forgiveness {freeze, +Blink
                  | rN+ Dex+4 Stlth-} (You acquired it on level 3 of the Tomb
                  | of the Ancients)
120577 | Pan      | Entered Pandemonium
120785 | Pan      | Found an exit through the horrors of the Abyss.
121157 | Pan      | Found an exit through the horrors of the Abyss.
121235 | Pan      | Got a translucent bone ring
121238 | Pan      | Identified the ring of Temptation {Ice rElec Int+2 Dex+4
                  | Stlth-} (You found it in Pandemonium)
121286 | Pan      | Got a transparent iron ring
121379 | Pan      | Found an exit through the horrors of the Abyss.
121744 | Pan      | Found an exit through the horrors of the Abyss.
122469 | Pan      | Found an exit through the horrors of the Abyss.
122730 | Pan      | Found an exit through the horrors of the Abyss.
122991 | Pan      | Found an exit through the horrors of the Abyss.
123276 | Pan      | Found an exit through the horrors of the Abyss.
123301 | Pan      | Found a transporter.
123449 | Pan      | Found a transporter.
123466 | Pan      | Got a scorched brass ring
123475 | Pan      | Got a shimmering ivory ring
123478 | Pan      | Identified the ring "Azetury" {rF+ MR+ MP+9 Str-3} (You
                  | took it off a blood saint in Pandemonium)
123480 | Pan      | Identified the ring "Torhamm" {MP+9 Int+6} (You found it in
                  | Pandemonium)
123482 | Pan      | Identified the ring "Quixkut" {*Tele rC+ Str+3} (You found
                  | it in Pandemonium)
123499 | Pan      | Got a sparkling lead ring
123502 | Pan      | Identified the ring of Altruism {*Tele Int+3} (You found it
                  | in Pandemonium)
123975 | Pan      | Found an exit through the horrors of the Abyss.
124059 | Pan      | Found a runed door.
124068 | Pan      | Found a runed door.
124069 | Pan      | Found a runed door.
124075 | Pan      | Noticed Hukhlis the pandemonium lord
124076 | Pan      | Found a runed door.
124081 | Pan      | Killed Hukhlis the pandemonium lord
124091 | Pan      | Got a slimy brass ring
124094 | Pan      | Identified the cursed ring "Layllob" {rF+ Int+3 Dex-3} (You
                  | found it in Pandemonium)
124106 | Pan      | Identified the Handbook of Dislocation and Bewitchment
124128 | Pan      | Found an exit through the horrors of the Abyss.
124361 | Pan      | Reached skill level 15 in Throwing
124509 | Pan      | Noticed a seraph
124526 | Pan      | Killed a seraph
124529 | Pan      | Found a glowing golden altar of the Shining One.
124539 | Pan      | Got a steaming jade ring
125682 | Pan      | Found a glowing silver altar of Zin.
126060 | Pan      | Found a white marble altar of Elyvilon.
126197 | Pan      | Identified the ring "Ucuaxky" {rPois rC- MR+ Dex+5} (You
                  | took it off an angel in Pandemonium)
126690 | Depths:1 | Escaped Pandemonium
126724 | Zig:1    | Entered Level 1 of a ziggurat
126735 | Zig:2    | Entered Level 2 of a ziggurat
126757 | Zig:3    | Entered Level 3 of a ziggurat
126790 | Zig:3    | Identified the +3 pair of boots of the Raven {Regen+} (You
                  | found it on level 3 of a ziggurat)
126793 | Zig:4    | Entered Level 4 of a ziggurat
126830 | Zig:4    | Identified the Compendium of the Oath
126870 | Zig:5    | Entered Level 5 of a ziggurat
126908 | Zig:6    | Entered Level 6 of a ziggurat
126966 | Zig:6    | Got a smoking bronze ring
126986 | Zig:6    | Identified the ring "Nyingeec" {*Tele Dex+2} (You found it
                  | on level 6 of a ziggurat)
126989 | Zig:7    | Entered Level 7 of a ziggurat
127321 | Zig:7    | Identified the +1 hat of the Empire {*Drain rPois rC-
                  | rN+++} (You found it on level 7 of a ziggurat)
127325 | Zig:7    | Got a glittering steel amulet
127328 | Zig:7    | Identified the amulet "Ygimib" {Acrobat MR+ Str+2 Dex+4}
                  | (You found it on level 7 of a ziggurat)
127345 | Zig:8    | Entered Level 8 of a ziggurat
127457 | Zig:8    | Identified the Papyrus of Lucky Flight
127462 | Zig:8    | Identified the Tome of Congealing Stolen Souls
127468 | Zig:8    | Got an ancient glass ring
127471 | Zig:8    | Identified the ring of Koz Koil {rC+ MR+ Str+5 Stlth+} (You
                  | found it on level 8 of a ziggurat)
127474 | Zig:8    | Got a wavering iron ring
127477 | Zig:8    | Identified the cursed ring of the Moon {Str-2 Stlth+} (You
                  | found it on level 8 of a ziggurat)
127582 | Zig:9    | Entered Level 9 of a ziggurat
127711 | Zig:9    | Identified the Disquisition on Dusty Toxins
127844 | Zig:10   | Entered Level 10 of a ziggurat
127880 | Zig:10   | Found the brooch of Shielding {Reflect SH+8}
128087 | Zig:11   | Entered Level 11 of a ziggurat
128173 | Zig:11   | Noticed Geimetz the pandemonium lord
128187 | Zig:11   | Killed Geimetz the pandemonium lord
128240 | Zig:11   | Killed from afar by a hellion

Skill      XL: |  1  2  3  4  5  6  7  8  9 10 11 12 13 14 15 16 17 18 19 20 21 22 23 24 25 26 27 |
---------------+----------------------------------------------------------------------------------+-----
Fighting       | 3 4 5 6 7 8 10 11 12 13 14 15 17 18 19 20 21 27 | 27.0
Axes           | 2 3 4 5 6 8 10 11 12 14 15 16 17 | 17.8
Shields        | 3 4 5 6 8 9 10 11 12 13 14 15 16 18 19 20 21 22 27 | 27.0
Dodging        | 1 2 3 4 5 6 7 8 9 10 24 | 24.5
Stealth        | 1 2 3 4 5 6 7 8 10 27 | 27.0
Armour         | 3 4 5 6 7 8 9 10 11 12 13 17 | 17.9
Invocations    | 1 2 3 4 5 27 | 27.0
Maces & Flails | 1 2 3 4 5 8 |  8.8
Throwing       | 1 18 | 18.0
Unarmed Combat | 1 8 |  8.5
Spellcasting   | 1 27 | 27.0
Evocations     | 1 12 | 12.0
Translocations | 27 | 27.0
Charms         | 27 | 27.0
Summonings     | 21 | 21.9
Air Magic      | 10 | 10.4
Hexes          | 27 | 27.0
Conjurations   | 1 |  1.7
Ice Magic      | 23 | 23.3

Action                   |  1- 3 |  4- 6 |  7- 9 | 10-12 | 13-15 | 16-18 | 19-21 | 22-24 | 25-27 || total
-------------------------+-------+-------+-------+-------+-------+-------+-------+-------+-------++-------
Melee: War axe           |   111 |   143 |   286 |   229 |   664 |   694 |  1007 |  1087 |  3389 ||  7610
       Bite              |    21 |    31 |    89 |   114 |   345 |   398 |   467 |   702 |  9882 || 12049
       Whip              |       |       |       |     7 |       |       |       |       |       ||     7
       Flail             |       |       |       |     8 |    23 |   104 |       |       |       ||   135
       Broad axe         |       |       |       |       |       |    15 |       |   120 | 14094 || 14229
       Demon whip        |       |       |       |       |       |       |       |       |    84 ||    84
       Sacred scourge    |       |       |       |       |       |       |       |       |  1543 ||  1543
Throw: Javelin           |       |       |       |       |       |       |       |       |     2 ||     2
 Cast: Aura of Abjuratio |       |       |       |       |       |       |       |       |    64 ||    64
       Darkness          |       |       |       |       |       |       |       |       |    47 ||    47
       Controlled Blink  |       |       |       |       |       |       |       |       |    37 ||    37
       Metabolic Englaci |       |       |       |       |       |       |       |       |    14 ||    14
       Discord           |       |       |       |       |       |       |       |       |    11 ||    11
       Summon Forest     |       |       |       |       |       |       |       |       |     5 ||     5
       Blink             |       |       |       |       |       |       |       |       |     3 ||     3
       Invisibility      |       |       |       |       |       |       |       |       |     2 ||     2
       Shroud of Golubri |       |       |       |       |       |       |       |       |     2 ||     2
       Summon Hydra      |       |       |       |       |       |       |       |       |     1 ||     1
Invok: Heroism           |       |       |       |     8 |     6 |    13 |     8 |     3 |    12 ||    50
       Finesse           |       |       |       |       |     1 |     1 |     1 |     1 |     3 ||     7
       Vitalisation      |       |       |       |       |       |       |       |       |   172 ||   172
       Imprison          |       |       |       |       |       |       |       |       |    55 ||    55
       Recite            |       |       |       |       |       |       |       |       |    33 ||    33
       Donate Gold       |       |       |       |       |       |       |       |       |     4 ||     4
       Divine Shield     |       |       |       |       |       |       |       |       |     4 ||     4
       Sanctuary         |       |       |       |       |       |       |       |       |     1 ||     1
       Brand Weapon With |       |       |       |       |       |       |       |       |     1 ||     1
Evoke: Wand              |       |       |       |     3 |       |       |       |       |    14 ||    17
       Figurine of a zig |       |       |       |       |       |       |       |       |     2 ||     2
  Use: Scroll            |     6 |     1 |     6 |    10 |    10 |     8 |    25 |    13 |   148 ||   227
       Potion            |     4 |       |       |       |       |     2 |     1 |     1 |    48 ||    56
 Stab: Sleeping          |       |       |       |       |       |       |     5 |     9 |    87 ||   101
       Distracted        |       |       |       |       |       |       |     2 |     1 |   194 ||   197
       Confused          |       |       |       |       |       |       |       |       |    23 ||    23
       Invisible         |       |       |       |       |       |       |       |       |   171 ||   171
       Petrifying        |       |       |       |       |       |       |       |       |     6 ||     6
       Fleeing           |       |       |       |       |       |       |       |       |     1 ||     1
       Held in net/web   |       |       |       |       |       |       |       |       |     1 ||     1
       Petrified         |       |       |       |       |       |       |       |       |     1 ||     1
       Paralysed         |       |       |       |       |       |       |       |       |     1 ||     1
  Eat: Chunk             |     2 |     4 |     9 |    10 |     6 |     7 |    19 |     9 |    13 ||    79
       Ration            |       |       |       |     2 |     4 |     4 |     1 |     5 |    86 ||   102
Armor: Scale mail        |    43 |    67 |    43 |       |       |       |       |       |       ||   153
       Skin              |       |       |     6 |       |       |       |       |       |       ||     6
       Chain mail        |       |       |    41 |    78 |   111 |   226 |       |       |       ||   456
       Ring mail         |       |       |       |       |     1 |       |       |       |       ||     1
       Pearl dragon scal |       |       |       |       |       |    12 |    58 |   105 |  1840 ||  2015
       Ice dragon scales |       |       |       |       |       |       |    11 |       |       ||    11
Dodge: Dodged            |    34 |    75 |    70 |    51 |    98 |   227 |   124 |   193 |  6706 ||  7578
Block: Shield            |    57 |   104 |   131 |   170 |   379 |   607 |   173 |       |       ||  1621
       Reflection        |       |       |       |     9 |    26 |    51 |    66 |       |       ||   152
       Large shield      |       |       |       |       |       |       |   509 |   841 | 20984 || 22334
